Cogmind - Beta 15 @@@ ROGUE MODE // 2025.10.18 @ 10:47:39 Player: YA-B01 Result: Destroyed by Hotshot with Precision Phase Gun Performance ------------- Evolutions (8) 4000 Regions Visited (27) 5400 Robots Destroyed (283) 1415 Value Destroyed (8062) 8062 Prototype IDs (131) 2620 Alien Tech Used (2) 400 Bonus (5382) 5382 TOTAL SCORE: 27279 Bonus ------- High Alert Combat Kills 800 Follower Combat Kills 871 Forged Quantum Companion 1000 Registered with UFD 300 Met Optimus in HQ 500 Met Data Miner 300 Met Zhirov 300 Hacked Protovariant 500 Met Optimus at Protoforge 1000 Friendly Fire -189 Cogmind --------- Core Integrity 0/1450 Matter 300/300 Energy 73/100 System Corruption 8% Temperature Cool (9) Movement Core (50) Location -2/Protoforge Parts ------- > --- POWER (1) -------- (None) > --- PROPULSION (8) --- (None) > --- UTILITY (12) ----- Enhanced Optical Array Advanced Signal Interpreter Experimental Core Analyzer Experimental Core Analyzer Makeshift Core Shielding Improved Hacking Suite Improved Hacking Suite Experimental System Shield Experimental System Shield > --- WEAPON (3) ------- Quantum Companion > --- INVENTORY (5) ---- Overtuned Antimatter Reactor Light Quantum Reactor Transdimensional Reconstructor Gamma Bomb Array CPS Tube (2) Peak State ------------ > --- POWER ------------ Micro Antimatter Reactor > --- PROPULSION ------- Experimental VSS Leg Experimental VSS Leg Experimental VSS Leg Experimental VSS Leg Field Propulsion Array Experimental Surge Thruster > --- UTILITY ---------- Experimental Heat Sink Enhanced Optical Array Advanced Signal Interpreter Experimental Core Analyzer Experimental Core Analyzer Experimental Kinecellerator Experimental Reaction Control System Hacking Suite Improved Hacking Suite Improved Hacking Suite Experimental System Shield Experimental System Shield > --- WEAPON ----------- Concept XC Strikerail Concept XC Strikerail Quantum Companion > --- INVENTORY -------- Hacking Suite System Shield Transdimensional Reconstructor Gamma Bomb Array CPS Tube [Rating: 200] Favorites ----------- Power Ion Engine Engine Ion Engine Power Core Light Fission Core Reactor Light Antimatter Reactor Propulsion Improved VTOL Module Treads Light Treads Leg Experimental VSS Leg Flight Unit Improved VTOL Module Utility Improved Hacking Suite Device Structural Scanner Storage Large Storage Unit Processor Advanced Signal Interpreter Hackware Improved Hacking Suite Protection Hardened Medium Armor Plating Weapon Improved Datajack Energy Gun Improved EM Shotgun Energy Cannon Null Cannon Ballistic Gun Assault Rifle Ballistic Cannon Mini Assault Cannon Launcher Grenade Launcher Special Weapon Improved Plasma Cutter Impact Weapon Mace Slashing Weapon Companion Sword Special Melee Weapon Improved Datajack Build | -11 -10 -10 -9 -9 -9 -9 -6 -6 -6 -6 -6 -6 -5 -5 -5 -5 -5 -5 -5 -4 -4 -4 -4 -3 -2 -2 -2 ------- Run | Yrd Mat Min Mat Sto Rec Scr Fac Was Fac Low Low Dat Pro Fac Was Fac Upp Upp Zhi Pro Fac Was Fac Res Res Tes Frg Slots Evolved 16 | . . . 2 . . . 6 . . . . . . 2 . . . . . . 2 . . 2 2 . . Power . | . . . . . . . . . . . . . . . . . . . . . . . . . . . . Propulsion 6 | . . . 2 . . . 2 . . . . . . . . . . . . . . . . 2 . . . Utility 10 | . . . . . . . 4 . . . . . . 2 . . . . . . 2 . . . 2 . . Weapon . | . . . . . . . . . . . . . . . . . . . . . . . . . . . . Parts Attached 188 | 7 10 . 13 22 2 7 21 1 12 . . . 1 5 . 4 2 . . 2 5 . 12 11 7 5 39 Power 21 | 1 . . . 3 . . 2 . 2 . . . . . . . 1 . . 1 . . 5 2 1 . 3 Engine 8 | 1 . . . 3 . . 2 . . . . . . . . . . . . . . . 2 . . . . Core 5 | . . . . . . . . . 2 . . . . . . . 1 . . 1 . . 1 . . . . Reactor 8 | . . . . . . . . . . . . . . . . . . . . . . . 2 2 1 . 3 Propulsion 69 | 2 3 . 7 8 2 5 6 . 3 . . . . 1 . 2 . . . 1 1 . 2 7 2 2 15 Treads 27 | 2 3 . 6 8 2 5 . . . . . . . . . . . . . . . . . . . . 1 Leg 10 | . . . . . . . . . . . . . . . . . . . . . . . . . . . 10 Wheel . | . . . . . . . . . . . . . . . . . . . . . . . . . . . . Hover . | . . . . . . . . . . . . . . . . . . . . . . . . . . . . Flight 32 | . . . 1 . . . 6 . 3 . . . . 1 . 2 . . . 1 1 . 2 7 2 2 4 Utility 64 | 1 4 . 3 5 . . 10 1 7 . . . . 4 . 2 1 . . . 3 . 3 1 3 1 15 Device 27 | . . . . 5 . . 2 1 4 . . . . 1 . 2 1 . . . 1 . 2 . 1 1 6 Storage 6 | 1 1 . 1 . . . 1 . . . . . . . . . . . . . . . . . 1 . 1 Processor 7 | . . . . . . . 2 . 1 . . . . . . . . . . . 1 . . . . . 3 Hackware 13 | . . . . . . . 3 . 1 . . . . 3 . . . . . . 1 . 1 1 1 . 2 Protection 11 | . 3 . 2 . . . 2 . 1 . . . . . . . . . . . . . . . . . 3 Artifact . | . . . . . . . . . . . . . . . . . . . . . . . . . . . . Weapon 34 | 3 3 . 3 6 . 2 3 . . . . . 1 . . . . . . . 1 . 2 1 1 2 6 Energy Gun 5 | 1 . . 3 . . . . . . . . . . . . . . . . . . . . . . 1 . Energy Cannon 1 | . . . . . . . . . . . . . . . . . . . . . . . . . . 1 . Ballistic Gun 7 | 2 1 . . 2 . . . . . . . . . . . . . . . . . . . . . . 2 Ballistic Cannon 3 | . 1 . . 1 . . . . . . . . . . . . . . . . . . . . . . 1 Launcher 7 | . 1 . . 2 . . 1 . . . . . 1 . . . . . . . . . . . . . 2 Special Weapon 1 | . . . . . . . . . . . . . . . . . . . . . . . 1 . . . . Impact Weapon 1 | . . . . 1 . . . . . . . . . . . . . . . . . . . . . . . Slashing Weapon 2 | . . . . . . . 1 . . . . . . . . . . . . . . . . . . . 1 Piercing Weapon . | . . . . . . . . . . . . . . . . . . . . . . . . . . . . Special Melee Weapon 7 | . . . . . . 2 1 . . . . . . . . . . . . . 1 . 1 1 1 . . Unidentified Prototypes 25 | . . . 3 2 . . 3 . . . . . . . . . . . 1 . . . . . . 4 12 Parts Lost 74 | . 1 . . 4 . . . . 5 . . . . 5 . 3 3 . . 2 . . 4 7 1 1 38 Power 11 | . . . . 2 . . . . . . . . . . . 1 1 . . 1 . . 1 2 . . 3 Propulsion 31 | . . . . 1 . . . . 3 . . . . 1 . 1 . . . . . . . 3 1 1 20 Utility 25 | . 1 . . 1 . . . . 2 . . . . 4 . 1 1 . . 1 . . 2 2 . . 10 Weapon 7 | . . . . . . . . . . . . . . . . . 1 . . . . . 1 . . . 5 Highest Loss Streak 12 | . 1 . . 1 . . . . 2 . . . . 2 . 3 3 . . 2 . . 2 4 1 1 12 To Critical Strikes 1 | . . . . . . . . . . . . . . . . . . . . . . . . . . . 1 Average Backups 9 | 5 8 10 13 14 15 14 4 5 4 4 4 5 5 4 4 4 4 3 4 5 4 5 4 4 6 7 5 Power . | . . . . . . . . 1 1 2 2 2 2 . 1 . . . . . . . . 1 1 1 1 Propulsion 3 | 2 2 3 7 9 9 7 . 1 . . . . . . 1 . 1 1 1 1 1 1 . . . 1 . Utility 2 | 1 3 4 2 2 2 2 2 2 2 1 1 2 2 1 . . . . 1 1 . . . 1 1 2 1 Weapon 1 | . 1 2 2 2 3 3 1 1 . 1 1 1 . . 1 1 . . . . . . . . . 2 1 Tool/Special . | . . . . . . . . . . . . . . . . . . . . . . . . . . . . Unused Backups 32 | 1 8 . 4 1 . . 5 . . . . . . 1 . 3 . . . . . . . 3 . 1 5 Power 2 | . 1 . . . . . . . . . . . . . . . . . . . . . . . . . 1 Propulsion 7 | . 3 . 1 1 . . . . . . . . . . . 1 . . . . . . . 1 . . . Utility 18 | 1 3 . 2 . . . 4 . . . . . . 1 . 2 . . . . . . . 2 . 1 2 Weapon 2 | . . . 1 . . . 1 . . . . . . . . . . . . . . . . . . . . Tool/Special 3 | . 1 . . . . . . . . . . . . . . . . . . . . . . . . . 2 Average Slot Usage (%) 96 | . 98 100 99 99 100 100 97 98 97 100 100 100 100 95 94 93 83 94 94 88 87 94 95 93 88 94 79 Engine 6 | . 14 14 11 10 11 11 6 6 2 . . . . . . . . . . . . . 1 . . . . Core 1 | . . . . . . . . . 3 6 6 6 6 5 5 5 4 5 5 5 5 5 . . . . . Treads 20 | . 27 28 43 43 44 44 . . . . . . . . . . . . . . . . . . . . 1 Flight 15 | . . . . . . . 39 40 37 40 40 40 40 35 35 29 29 29 29 29 24 26 28 30 27 28 9 Device 6 | . . . . 5 . . 6 5 11 12 11 13 11 10 5 9 11 17 17 17 15 21 19 17 13 16 7 Storage 6 | . 14 14 11 11 11 11 . . . . . . . . . . . . . . . . . . 2 4 1 Processor 5 | . . . . . . . 11 13 12 13 13 13 13 11 11 11 11 11 11 11 14 15 12 9 8 8 13 Hackware 8 | . . . . . . . 17 20 13 13 13 13 13 18 17 17 11 11 11 11 14 15 18 18 19 20 18 Protection 5 | . 12 14 11 5 11 11 2 . . . 1 . 1 . 5 5 5 5 5 . . . . . . . 3 Energy Gun 1 | . 1 . 8 7 . . . . . . . . . . . . . . . . . . . . . . . Ballistic Gun 4 | . 13 12 10 9 11 . . . . . . . . . . . . . . . . . . . . . . Ballistic Cannon 4 | . 12 14 1 3 11 11 . . . . . . . . . . . . . . . . . . . . . Slashing Weapon 2 | . . . . . . . 5 6 6 6 6 6 6 5 5 5 5 5 5 5 5 5 5 4 4 4 4 Special Melee Weapon 3 | . . . . . . 10 5 6 5 6 5 6 5 5 5 5 . 5 5 5 5 5 5 9 8 7 1 Peak Build Rating 200 | 7 8 8 22 23 23 28 67 67 74 72 72 72 73 79 75 78 79 77 78 78 95 95 110 132 150 159 200 Average Rating 52 | 5 7 8 17 21 23 26 61 66 68 70 71 71 71 76 75 76 71 76 77 73 87 95 100 125 140 149 148 On Entrance 66 | . 7 8 8 20 23 23 28 67 67 72 72 71 72 71 75 75 78 76 77 78 73 95 95 110 120 150 149 Naked Turns . | . . . . . . . . . . . . . . . . . . . . . . . . . . . . Heaviest Build 43 | 13 21 22 38 43 43 43 37 18 21 15 18 15 21 15 15 16 18 18 18 18 15 15 25 26 34 34 40 Greatest Support 178 | 40 40 40 92 92 83 91 31 31 39 33 33 28 28 34 34 35 35 35 35 35 35 35 44 56 57 57 178 Greatest Overweight (x) 4 | . . . . . . . 1 . . . . . . . . . 4 . . . . . . . . . . Average Overweight (x) . | . . . . . . . . . . . . . . . . . . . . . . . . . . . . Largest Inventory Capacity 15 | 8 10 10 15 15 15 15 15 5 5 5 5 5 5 5 5 5 5 5 5 5 5 5 5 5 10 10 10 Average Capacity 9 | 7 9 10 14 15 15 15 5 5 5 5 5 5 5 5 5 5 5 5 5 5 5 5 5 5 8 10 6 Most Carried 15 | 8 10 10 15 15 15 15 15 5 5 4 5 5 5 5 4 5 5 5 5 5 5 5 5 5 10 10 10 Average Carried 9 | 5 8 10 13 14 15 14 4 5 4 4 4 5 5 4 4 4 4 4 5 5 4 5 4 4 7 8 5 Final Capacity 15 | 8 10 10 15 15 15 15 5 5 5 5 5 5 5 5 5 5 5 5 5 5 5 5 5 5 10 10 5 Final Carried 15 | 8 10 10 15 15 15 14 5 5 4 4 5 5 5 4 4 5 4 5 5 5 5 5 5 3 10 8 5 Class Distribution -------------------- 47% | Mutant 24% | Hacker-Scout 11% | Hacker-Ninja 5% | Scavenger-Mutant 5% | Wizard-Ninja Dominant Class ---------------- Mutant | -10/Materials Mutant | -10/Mines Mutant | -9/Materials Mutant | -9/Storage Mutant | -9/Recycling Mutant | -9/Scraptown Hacker-Scout | -6/Factory Hacker-Scout | -6/Waste Hacker-Scout | -6/Factory Hacker-Scout | -6/Lower Caves Hacker-Scout | -6/Lower Caves Hacker-Scout | -6/Data Miner Hacker-Scout | -5/Proximity Caves Hacker-Scout | -5/Factory Hacker-Scout | -5/Waste Hacker-Scout | -5/Factory Hacker-Scout | -5/Upper Caves Hacker-Ninja | -5/Upper Caves Hacker-Ninja | -5/Zhirov Hacker-Ninja | -4/Proximity Caves Hacker-Ninja | -4/Factory Hacker-Ninja | -4/Waste Hacker-Ninja | -4/Factory Hacker-Ninja | -3/Research Wizard-Ninja | -2/Research Wizard-Ninja | -2/Testing Hacker-Mutant | -2/Protoforge Resources | -11 -10 -10 -9 -9 -9 -9 -6 -6 -6 -6 -6 -6 -5 -5 -5 -5 -5 -5 -5 -4 -4 -4 -4 -3 -2 -2 -2 ----------- Run | Yrd Mat Min Mat Sto Rec Scr Fac Was Fac Low Low Dat Pro Fac Was Fac Upp Upp Zhi Pro Fac Was Fac Res Res Tes Frg Matter Collected 4745 | 347 540 141 471 1000 253 70 344 20 193 38 82 . 82 60 . 60 29 20 20 30 60 . 203 70 70 95 447 Remotely . | . . . . . . . . . . . . . . . . . . . . . . . . . . . . Salvage Created 9899 | 256 714 21 939 1741 190 . 916 . 425 . . . 62 369 . 681 53 . 36 114 247 . 861 286 299 213 1476 Parts 545 | 25 51 2 56 107 8 . 30 . 35 . . . 7 21 . 36 3 . . 12 7 . 52 8 8 2 75 Haulers Intercepted 20 | . 2 . 5 5 . . 4 . . . . . . 1 . 1 . . . . . . . . 1 1 . Recyclers Shooed 11 | 4 1 . 3 1 1 . . . . . . . . . . . . . . . 1 . . . . . . Parts Field Recycled . | . . . . . . . . . . . . . . . . . . . . . . . . . . . . Retrieved Matter . | . . . . . . . . . . . . . . . . . . . . . . . . . . . . Parts Self-Destructed 24 | . . . . . . . . . . . 7 . 4 . . . 2 . . 11 . . . . . . . Prevented 2 | . . . . . . . . . . . . . . . . . 2 . . . . . . . . . . Kills | -11 -10 -10 -9 -9 -9 -9 -6 -6 -6 -6 -6 -6 -5 -5 -5 -5 -5 -5 -5 -4 -4 -4 -4 -3 -2 -2 -2 ------- Run | Yrd Mat Min Mat Sto Rec Scr Fac Was Fac Low Low Dat Pro Fac Was Fac Upp Upp Zhi Pro Fac Was Fac Res Res Tes Frg Combat Hostiles Destroyed 146 | . 11 2 13 50 3 . 6 . 5 . . . 5 2 . 3 2 . . 6 . . 4 2 . . 32 Melee 33 | . . . . 4 . . 2 . 1 . . . . . . . . . . 6 . . . 2 . . 18 Guns 26 | . 1 . 6 12 1 . . . . . . . . . . . . . . . . . . . . . 6 Cannons 22 | . 6 . . 8 2 . . . . . . . . . . . . . . . . . . . . . 6 AOE 60 | . 4 2 7 24 . . 4 . 4 . . . 5 1 . 3 2 . . . . . 4 . . . . Classes Destroyed 23 | 3 7 1 2 2 . . . . 1 . . . . 1 . . 1 . . . . . . . . 1 4 Worker 17 | 2 1 . 1 1 . . 1 . . . . . . 1 . 1 . . . . 2 . 7 . . . . Builder 19 | . 1 2 2 . 1 . 3 . 4 . . . . 1 . 3 . . . . . . 2 . . . . Tunneler 11 | 8 2 . . . . . . . . . . . . . . . . . . . . . 1 . . . . Hauler 20 | . 2 . 5 5 . . 4 . . . . . . 1 . 1 . . . . . . . . 1 1 . Recycler 21 | 1 3 . 4 . 1 . 2 . 1 . . . . . . 2 . . . . 1 . 3 2 1 . . Minesweeper 1 | . . . . . . . . . . . . . . . . . 1 . . . . . . . . . . Mechanic 2 | . 1 . . . . . . . . . . . . . . 1 . . . . . . . . . . . Operator 12 | . 3 . 1 2 . . . . 1 . . . . 2 . . . . . . . . 1 . . . 2 Drone 16 | . . . . . . . . . 1 . . . . . . . . . . 2 . . . . . . 13 Watcher 35 | . 3 . 3 2 . . 1 . 3 . . . . 5 . 5 . . . . 2 . 6 . 2 1 2 Swarmer 39 | . 2 . 6 7 . . 3 . 4 . . . 5 . . . 2 . . 4 . . 2 2 . . 2 Saboteur 1 | . . . . . . . . . . . . . . . . . . . . . . . . . . . 1 Grunt 47 | . 9 . 4 24 . . 2 . . . . . . . . 3 . . . . . . 2 . . . 3 Brawler 2 | . . . 1 1 . . . . . . . . . . . . . . . . . . . . . . . Duelist 3 | . . . . 3 . . . . . . . . . . . . . . . . . . . . . . . Protector 3 | . . . . 3 . . . . . . . . . . . . . . . . . . . . . . . Researcher 1 | . . . . . . . . . . . . . . . . . . . . . . . . . . 1 . Sentry 18 | . . . 2 12 3 . 1 . . . . . . . . . . . . . . . . . . . . Hunter 6 | . . . . . . . . . . . . . . 2 . . . . . . . . . . . . 4 Programmer 4 | . . . . . . . . . . . . . . . . . . . . . . . . . . . 4 Striker 4 | . . . . . . . . . . . . . . . . . . . . . . . . . . . 4 Executioner 1 | . . . . . . . . . . . . . . . . . . . . . . . . . . . 1 Assembled 2 | . . 2 . . . . . . . . . . . . . . . . . . . . . . . . . Thug 1 | . . . 1 . . . . . . . . . . . . . . . . . . . . . . . . Best Kill Streak 10 | 4 6 2 9 6 2 . 3 . 4 . . . 5 3 . 3 2 . . 4 2 . 6 3 1 1 10 Combat Bots Only 10 | . 2 2 8 6 1 . 3 . 4 . . . 5 1 . 3 2 . . 4 . . 2 2 . . 10 Max Kills in Single Turn 4 | 1 3 1 3 3 1 . 2 . 3 . . . 4 1 . 2 2 . . 2 1 . 4 1 1 1 2 Gunslinging . | . . . . . . . . . . . . . . . . . . . . . . . . . . . . Exploded 4 | . 2 1 2 3 . . 2 . 3 . . . 4 1 . 2 2 . . . . . 2 . . . . Melee 2 | . . . . 1 . . 1 . 1 . . . . . . . . . . 2 . . . 1 . . 2 Uniques/NPCs Destroyed . | . . . . . . . . . . . . . . . . . . . . . . . . . . . . Combat | -11 -10 -10 -9 -9 -9 -9 -6 -6 -6 -6 -6 -6 -5 -5 -5 -5 -5 -5 -5 -4 -4 -4 -4 -3 -2 -2 -2 -------- Run | Yrd Mat Min Mat Sto Rec Scr Fac Was Fac Low Low Dat Pro Fac Was Fac Upp Upp Zhi Pro Fac Was Fac Res Res Tes Frg Hostile Shots Fired 933 | . 39 8 73 147 16 . 36 . 72 . 1 . 14 33 . 17 12 . . 28 . . 27 41 14 6 349 Missed 389 | . 11 1 28 48 2 . 25 . 40 . 1 . 10 15 . 6 3 . . 7 . . 13 16 11 5 147 Deflected 4 | . . . . . . . . . . . . . . . . . . . . . . . . . . . 4 Hits 544 | . 28 7 45 99 14 . 11 . 32 . . . 4 18 . 11 9 . . 21 . . 14 25 3 1 202 Melee 24 | . . 3 2 6 . . . . . . . . . . . . . . . . . . 1 1 . . 11 Projectile 520 | . 28 4 43 93 14 . 11 . 32 . . . 4 18 . 11 9 . . 21 . . 13 24 3 1 191 AOE 4 | . . . . . . . . . . . . . . . . . . . . . . . . 2 . . 2 Critical Strikes 39 | . 2 . 1 8 2 . 1 . . . . . . . . . . . . . . . . 1 . . 24 Actively Blocked 6 | . 1 . . . . . . . . . . . . . . . . . . . . . . . . . 5 Damage Taken 12549 | . 386 187 691 1591 209 . 204 . 516 . . . 62 376 . 504 179 . . 316 . . 434 911 161 29 5793 Core 2874 | . 54 15 128 100 29 . 81 . 188 . . . 18 102 . 267 14 . . 76 . . 93 234 131 9 1335 Absorbed by Shields . | . . . . . . . . . . . . . . . . . . . . . . . . . . . . Redirected to Shielding 309 | . 5 3 8 . . . . . . . . . 11 . . 44 31 . . 17 . . . . . . 190 Regen/Repaired (Parts) 1075 | . 106 . . 308 . . 184 . 164 . . . . 74 . 21 . . . . 81 . 134 . . . 3 Core Remaining (%) 71 | 100 . 72 . . . 35 . . . . . . 66 . . . . . . 54 . . 91 82 . . . Volleys Fired 294 | 35 61 8 60 103 11 . 2 . 4 . . . 3 . . . 1 . . . . . . . . . 6 Largest 2 | 2 2 2 2 2 2 . 1 . 1 . . . 1 . . . 1 . . . . . . . . . 2 Hottest 85 | 60 50 50 76 85 63 . 33 . 33 . . . 39 . . . 39 . . . . . . . . . 64 Shots Fired 525 | 62 118 11 113 177 22 . 2 . 4 . . . 3 . . . 1 . . . . . . . . . 12 Gun 348 | 62 58 2 103 100 11 . . . . . . . . . . . . . . . . . . . . . 12 Cannon 134 | . 56 3 5 59 11 . . . . . . . . . . . . . . . . . . . . . . Launcher 43 | . 4 6 5 18 . . 2 . 4 . . . 3 . . . 1 . . . . . . . . . . Special . | . . . . . . . . . . . . . . . . . . . . . . . . . . . . Kinetic 378 | 35 114 5 60 130 22 . . . . . . . . . . . . . . . . . . . . . 12 Thermal 51 | 27 . . 24 . . . . . . . . . . . . . . . . . . . . . . . . Explosive 43 | . 4 6 5 18 . . 2 . 4 . . . 3 . . . 1 . . . . . . . . . . Electromagnetic 53 | . . . 24 29 . . . . . . . . . . . . . . . . . . . . . . . Robot Hit Streak 14 | 12 11 1 11 14 13 . . . 1 . . . . . . . . . . . . . . . . . 11 Robot Miss Streak 5 | 3 4 4 5 4 1 . 1 . . . . . . . . . . . . . . . . . . . . Penetration Max . | . . . . . . . . . . . . . . . . . . . . . . . . . . . . Secondary Targets 1 | . . . 1 . . . . . . . . . . . . . . . . . . . . . . . . Max Gunslinging Chain 1 | . . . 1 . . . . . . . . . . . . . . . . . . . . . . . . Autonomous 16 | . . . . . . . . . . . . . . . . . . . . . . . . . . 1 15 Shots Hit Robots 580 | 40 68 1 72 126 20 4 33 . 14 . 3 . . 26 . 32 1 . 4 6 13 . 23 10 9 10 65 Core Hits 333 | 12 39 5 42 83 7 . 17 . 16 . . . 6 14 . 17 3 . . 3 5 . 21 2 4 3 34 Critical Kills 1 | . . . . . . . . . . . . . . . . . . . . . . . . . . . 1 Critical Parts Destroyed 7 | . . . . 7 . . . . . . . . . . . . . . . . . . . . . . . Critical Strikes 16 | . 1 . 2 9 1 . . . . . . . . . . . . . . . . . . . . . 3 Burn 1 | . . . 1 . . . . . . . . . . . . . . . . . . . . . . . . Destroy 3 | . . . . 2 . . . . . . . . . . . . . . . . . . . . . . 1 Blast 5 | . 1 . 1 2 1 . . . . . . . . . . . . . . . . . . . . . . Smash 5 | . . . . 5 . . . . . . . . . . . . . . . . . . . . . . . Melee Attacks 719 | . . . . 28 . 4 123 . 89 1 6 . . 81 . 112 9 2 4 12 32 . 52 26 23 33 82 Impact 28 | . . . . 28 . . . . . . . . . . . . . . . . . . . . . . . Slashing 669 | . . . . . . . 117 . 88 1 6 . . 77 . 111 9 2 1 12 32 . 52 26 23 30 82 Piercing . | . . . . . . . . . . . . . . . . . . . . . . . . . . . . Sneak Attacks 87 | . . . . 2 . 4 15 . 6 . . . . 10 . 9 1 . 3 1 4 . 12 2 2 4 12 Combat Hostiles 4 | . . . . . . . 1 . . . . . . . . . . . . 1 . . . . . . 2 Follow-up Attacks 8 | . . . . . . . . . . . . . . . . . . . . 1 . . . . . . 7 Damage Inflicted 30907 | 458 1455 209 1752 4832 484 . 2804 . 1234 . 85 . 483 2092 . 2580 444 . 113 281 718 . 2944 594 675 830 5840 Guns 3605 | 449 447 11 1070 1053 165 . . . . . . . . . . . . . . . . . . . . . 410 Cannons 3162 | . 562 . 87 896 247 . . . . . . . . . . . . . . . . . . . . 75 1295 Explosions 7835 | . 438 108 522 2147 . . 971 . 243 . . . 483 587 . 768 327 . . . . . 1241 . . . . Melee 16009 | . . . . 692 . . 1833 . 991 . 85 . . 1505 . 1812 117 . 113 281 718 . 1703 594 675 755 4135 Ramming 296 | 9 8 90 73 44 72 . . . . . . . . . . . . . . . . . . . . . . Kinetic 4095 | 229 1009 11 508 1516 412 . . . . . . . . . . . . . . . . . . . . . 410 Thermal 2010 | 220 175 . 423 87 . . 663 . . . . . . . . . . . . . . . 442 . . . . Explosive 6048 | . 263 108 340 2060 . . 308 . 243 . . . 483 506 . 611 327 . . . . . 799 . . . . Electromagnetic 1079 | . . . 408 433 . . . . . . . . . 81 . 157 . . . . . . . . . . . Impact 692 | . . . . 692 . . . . . . . . . . . . . . . . . . . . . . . Slashing 15317 | . . . . . . . 1833 . 991 . 85 . . 1505 . 1812 117 . 113 281 718 . 1703 594 675 755 4135 Piercing . | . . . . . . . . . . . . . . . . . . . . . . . . . . . . Phasic 1370 | . . . . . . . . . . . . . . . . . . . . . . . . . . 75 1295 Highest Corruption 16 | . 1 1 . 1 1 . 3 3 7 . . . . . . . . . . . . . 12 16 . . 8 Average Corruption 2 | . 1 1 . 1 1 . 2 3 3 . . . . . . . . . . . . . 11 16 . . 4 Corruption Purged 10 | . . . . . . . . . 10 . . . . . . . . . . . . . . . . . . Corruption Blocked . | . . . . . . . . . . . . . . . . . . . . . . . . . . . . Effects 91 | . 8 5 . 9 5 . 12 . 15 . . . . . . . . . . . . . 23 1 . . 13 Message Errors 22 | . 1 1 . . 3 . 3 . 5 . . . . . . . . . . . . . 1 . . . 8 Matter Fused 19 | . . 2 . 3 . . 6 . 1 . . . . . . . . . . . . . 5 . . . 2 Heat Flow Errors 7 | . 1 . . 1 1 . 1 . 1 . . . . . . . . . . . . . 2 . . . . Energy Discharges 13 | . 3 . . 1 1 . 1 . 1 . . . . . . . . . . . . . 4 . . . 2 Parts Rejected 1 | . . . . . . . . . 1 . . . . . . . . . . . . . . . . . . Parts Fused 2 | . . . . . . . . . 1 . . . . . . . . . . . . . 1 . . . . Data Loss (minor) 10 | . 1 . . 2 . . 1 . 3 . . . . . . . . . . . . . 2 1 . . . Data Loss (major) 5 | . 1 1 . . . . . . 1 . . . . . . . . . . . . . 1 . . . 1 Misfires 2 | . 1 1 . . . . . . . . . . . . . . . . . . . . . . . . . Alerts 4 | . . . . 2 . . . . 1 . . . . . . . . . . . . . 1 . . . . Misdirections 6 | . . . . . . . . . . . . . . . . . . . . . . . 6 . . . . Overload Shots . | . . . . . . . . . . . . . . . . . . . . . . . . . . . . Overflow Damage 3739 | . 75 . 8 259 . . 344 . 257 . . . 20 163 . 378 87 . 104 52 74 . 380 142 173 265 958 Projectiles 160 | . . . . 9 . . . . . . . . . . . . . . . . . . . . . . 151 Explosions 404 | . 75 . 8 18 . . 132 . . . . . 20 10 . 55 10 . . . . . 76 . . . . Melee 3175 | . . . . 232 . . 212 . 257 . . . . 153 . 323 77 . 104 52 74 . 304 142 173 265 807 Knockbacks 22 | . 6 1 1 14 . . . . . . . . . . . . . . . . . . . . . . . Impact 8 | . . 1 1 6 . . . . . . . . . . . . . . . . . . . . . . . Kinetic 14 | . 6 . . 8 . . . . . . . . . . . . . . . . . . . . . . . Secondary . | . . . . . . . . . . . . . . . . . . . . . . . . . . . . Self-Inflicted Damage 547 | . . 27 60 164 . . 46 . 27 . . . . . . 187 36 . . . . . . . . . . Shots 15 | . . 1 2 5 . . 1 . 1 . . . . . . 4 1 . . . . . . . . . . Rammed 50 | 2 5 17 10 9 7 . . . . . . . . . . . . . . . . . . . . . . Targets Rammed 63 | 2 6 19 16 11 9 . . . . . . . . . . . . . . . . . . . . . . Kicked . | . . . . . . . . . . . . . . . . . . . . . . . . . . . . Crushed 13 | . 1 2 6 2 2 . . . . . . . . . . . . . . . . . . . . . . Highest Temperature 271 | 40 271 . 216 260 144 . 236 . 184 81 42 . . 39 21 24 . . . . . . 250 168 212 99 . Average Temperature 41 | 24 56 . 39 34 35 . 61 . 38 44 18 . . 12 11 9 . . . . . . 69 36 56 29 . Received Heat Transfer 1728 | . 225 18 213 501 90 . 66 . 81 . . . . 27 . 54 . . . . . . 69 36 9 . 339 Effects 2 | . 2 . . . . . . . . . . . . . . . . . . . . . . . . . . Energy Bleed 2 | . 2 . . . . . . . . . . . . . . . . . . . . . . . . . . Siege Activations . | . . . . . . . . . . . . . . . . . . . . . . . . . . . . Martial Activations . | . . . . . . . . . . . . . . . . . . . . . . . . . . . . Shielding Activations . | . . . . . . . . . . . . . . . . . . . . . . . . . . . . Robots Disrupted 2 | . . . . . . . . . . . . . . . . . . . . . . . . . . . 2 Combat Hostiles 2 | . . . . . . . . . . . . . . . . . . . . . . . . . . . 2 Robots Corrupted 5 | . . . . 4 . . . . . . . . . 1 . . . . . . . . . . . . . Combat Hostiles 3 | . . . . 2 . . . . . . . . . 1 . . . . . . . . . . . . . Parts Fried 13 | . . . 3 8 . . . . . . . . . 1 . 1 . . . . . . . . . . . Impact Corruptions 11 | . . . . 11 . . . . . . . . . . . . . . . . . . . . . . . Robots Melted . | . . . . . . . . . . . . . . . . . . . . . . . . . . . . Combat Hostiles . | . . . . . . . . . . . . . . . . . . . . . . . . . . . . Parts Melted 5 | . 1 . 1 . . . 1 . . . . . . . . . . . . . . . 2 . . . . Heat Transferred 2242 | 500 100 . 792 100 . . 450 . . . . . . . . . . . . . . . 300 . . . . Parts Sabotaged . | . . . . . . . . . . . . . . . . . . . . . . . . . . . . Parts Stolen . | . . . . . . . . . . . . . . . . . . . . . . . . . . . . Parts Stripped 15 | . . . . . . . . . . . . . . . . . . . . . . . . . . . 15 Power Chain Reactions 5 | . . . 2 2 . . . . . . . . . . . 1 . . . . . . . . . . . Alert | -11 -10 -10 -9 -9 -9 -9 -6 -6 -6 -6 -6 -6 -5 -5 -5 -5 -5 -5 -5 -4 -4 -4 -4 -3 -2 -2 -2 ------- Run | Yrd Mat Min Mat Sto Rec Scr Fac Was Fac Low Low Dat Pro Fac Was Fac Upp Upp Zhi Pro Fac Was Fac Res Res Tes Frg Maximum Alert Level 4 | . 1 . 2 4 2 . 3 1 2 . . . . 2 . 3 . . . . 1 . 2 2 1 1 2 Low Security (%) 48 | 100 74 100 44 47 . . 44 . 18 . . . . 47 100 8 . . . . 62 100 60 . 86 85 57 Level 1 27 | . 25 . 24 9 78 . 3 100 60 . . . . 35 . 34 . . . . 37 . 30 72 13 14 29 Level 2 16 | . . . 31 8 21 . 36 . 20 . . . . 16 . 47 . . . . . . 8 27 . . 12 Level 3 7 | . . . . 29 . . 16 . . . . . . . . 9 . . . . . . . . . . . Level 4 . | . . . . 4 . . . . . . . . . . . . . . . . . . . . . . . Level 5 . | . . . . . . . . . . . . . . . . . . . . . . . . . . . . High Security . | . . . . . . . . . . . . . . . . . . . . . . . . . . . . Max Security . | . . . . . . . . . . . . . . . . . . . . . . . . . . . . Peak Influence 1226 | 10 240 104 451 1226 485 . 863 250 507 . . . . 610 198 925 . . . . 231 56 619 425 213 213 501 Initial 475 | . . 48 . 135 475 . . 250 161 . . . . 15 183 138 . . . . 150 56 32 305 203 90 9 Average 274 | 1 118 14 251 426 369 . 369 241 291 . . . . 229 189 441 . . . . 191 55 208 383 174 122 188 Influence Increases 12825 | 55 534 144 781 1731 230 . 1647 . 918 . 60 . 125 1356 15 1637 135 . 5 100 360 . 1006 297 107 316 1266 Destroy 0b10 Robot/C 3100 | . 220 80 420 940 60 . 140 . 120 . . . 100 80 . 60 40 . . 80 . . 100 40 . 40 580 Destroy 0b10 Robot/NC 815 | 55 80 10 85 65 10 . 55 . 50 . . . . 60 . 65 5 . 5 10 25 . 100 10 20 10 95 Destroy Leader 722 | . 60 10 128 244 . . 40 . 36 . . . 10 20 . 22 . . . 10 4 . 32 10 6 4 86 Allied During Kill 241 | . . 14 45 . . . 5 . . . . . . . . . . . . . . . . . . 5 172 Trap Triggered on 0b10 70 | . . . . . . . 20 . . . . . . 20 . 20 . . . . . . . 10 . . . Successful Hack 814 | . 20 . 16 27 8 . 144 . 91 . . . . 107 . 74 . . . . 88 . 70 47 30 62 30 Select Force Hacks 500 | . . . . . 150 . 90 . 30 . . . . 120 . 80 . . . . . . 30 . . . . Disable Machine 1125 | . 105 . 15 60 . . 225 . 15 . . . . 105 . 255 . . . . . . 270 . . 75 . Anti-Garrison Action 150 | . . . . 150 . . . . . . . . . . . . . . . . . . . . . . . Destroy Structure 1553 | . 49 30 72 140 2 . 193 . 96 . . . . 154 . 386 . . . . 18 . 224 30 21 45 93 Advance Influence 150 | . . . . . . . . . . . . . . . . . . . . . 150 . . . . . . Partial Spotted 930 | . . . . . . . 150 . 120 . . . . 105 15 165 . . . . 75 . 135 75 30 30 30 Lose Combat Pursuer 2655 | . . . . 105 . . 585 . 360 . 60 . 15 585 . 510 90 . . . . . 45 75 . 45 180 Influence Decreases 12324 | 55 410 268 461 830 1168 283 930 487 833 237 118 20 100 858 340 928 487 156 404 100 200 114 470 517 309 458 783 Entered New Map 3863 | . . 76 . 185 746 283 . 467 69 117 15 20 . 10 340 60 337 106 399 . . 104 14 277 159 70 9 Time Decay 5799 | 55 400 192 441 435 422 . 440 20 514 120 103 . 100 428 . 458 120 50 5 90 170 10 326 160 140 278 322 Search Patrol Dispatched 750 | . . . . . . . 300 . 150 . . . . 150 . 150 . . . . . . . . . . . Lost Part 702 | . 10 . . 40 . . . . 50 . . . . 50 . 30 30 . . 10 . . 40 70 10 10 352 Lost Ally 610 | . . . 20 20 . . 40 . 50 . . . . 70 . 80 . . . . 30 . 90 10 . 100 100 Purge Threat 600 | . . . . 150 . . 150 . . . . . . 150 . 150 . . . . . . . . . . . Squads Dispatched 131 | . 2 1 2 8 . . 16 . 18 . . . . 20 . 19 . . . . 3 . 14 5 7 8 8 Investigation 80 | . . . 1 2 . . 11 . 11 . . . . 14 . 14 . . . . 2 . 11 3 4 2 5 Extermination 23 | . . . . . . . 2 . 5 . . . . 3 . 4 . . . . 1 . 2 1 2 3 . Reinforcement 23 | . 2 . 1 3 . . 3 . 2 . . . . 3 . 1 . . . . . . 1 1 1 2 3 Assault 5 | . . 1 . 3 . . . . . . . . . . . . . . . . . . . . . 1 . Garrison . | . . . . . . . . . . . . . . . . . . . . . . . . . . . . Intercept . | . . . . . . . . . . . . . . . . . . . . . . . . . . . . Searches Triggered 5 | . . . . . . . 2 . 1 . . . . 1 . 1 . . . . . . . . . . . Data Miner Redirects 10 | . . . . . . . . . . . . . . 1 . 3 . . . . . . 1 2 2 1 . Construction Impeded 3 | . . . . 1 . . . . 1 . . . . . . 1 . . . . . . . . . . . Haulers Reinforced 4 | . . . . . . . 2 . . . . . . 2 . . . . . . . . . . . . . Active Scanning Responses . | . . . . . . . . . . . . . . . . . . . . . . . . . . . . Cargo Convoy Interrupts . | . . . . . . . . . . . . . . . . . . . . . . . . . . . . Stealth | -11 -10 -10 -9 -9 -9 -9 -6 -6 -6 -6 -6 -6 -5 -5 -5 -5 -5 -5 -5 -4 -4 -4 -4 -3 -2 -2 -2 --------- Run | Yrd Mat Min Mat Sto Rec Scr Fac Was Fac Low Low Dat Pro Fac Was Fac Upp Upp Zhi Pro Fac Was Fac Res Res Tes Frg Distress Signals 36 | . 2 1 3 7 . . 4 . 1 . . . . 4 . 1 . . . . . . 1 2 2 . 8 Communications Jammed . | . . . . . . . . . . . . . . . . . . . . . . . . . . . . Distress Signals . | . . . . . . . . . . . . . . . . . . . . . . . . . . . . Times Spotted 527 | . 22 6 29 54 3 . 53 . 46 . 6 . 6 49 4 41 6 2 . 6 9 2 34 36 22 10 81 Peak Tracking Total 17 | . 3 2 7 6 1 . 11 . 7 . 4 . 5 13 5 10 6 3 . 4 4 2 5 15 10 4 17 Tactical Retreats 102 | . . . . 4 . . 14 . 18 . 1 . 1 14 . 15 3 . . . . . 11 7 3 4 7 Traps | -11 -10 -10 -9 -9 -9 -9 -6 -6 -6 -6 -6 -6 -5 -5 -5 -5 -5 -5 -5 -4 -4 -4 -4 -3 -2 -2 -2 ------- Run | Yrd Mat Min Mat Sto Rec Scr Fac Was Fac Low Low Dat Pro Fac Was Fac Upp Upp Zhi Pro Fac Was Fac Res Res Tes Frg Traps Triggered 18 | . 1 . . 1 . . 5 . 2 . . . . 1 . . . . . . 2 . 4 . . 1 1 Indirectly . | . . . . . . . . . . . . . . . . . . . . . . . . . . . . Trap Hack Attempts 65 | . . . . . . . 2 . . . . . . 24 . 30 . . . . 7 . . 2 . . . Triggered . | . . . . . . . . . . . . . . . . . . . . . . . . . . . . Disarmed 5 | . . . . . . . . . . . . . . . . 4 . . . . . . . 1 . . . Reprogrammed 30 | . . . . . . . 13 . . . . . . 6 . 2 . . . . 1 . . 8 . . . Reused 7 | . . . . . . . 2 . . . . . . 2 . 2 . . . . . . . 1 . . . Traps Extracted . | . . . . . . . . . . . . . . . . . . . . . . . . . . . . Installed . | . . . . . . . . . . . . . . . . . . . . . . . . . . . . Triggered 7 | . . . . . . . 2 . . . . . . 2 . 2 . . . . . . . 1 . . . Most Traps Carried 1 | . . . . . . . . . . . . . . . . . 1 1 1 . . . . . . . . Objects Rigged 47 | . . . . . . . 11 . . . . . . 2 . 20 . . . . 1 . 12 1 . . . Exploded 13 | . . . . . . . 3 . . . . . . 1 . 3 . . . . . . 6 . . . . Machines | -11 -10 -10 -9 -9 -9 -9 -6 -6 -6 -6 -6 -6 -5 -5 -5 -5 -5 -5 -5 -4 -4 -4 -4 -3 -2 -2 -2 ---------- Run | Yrd Mat Min Mat Sto Rec Scr Fac Was Fac Low Low Dat Pro Fac Was Fac Upp Upp Zhi Pro Fac Was Fac Res Res Tes Frg Machines Disabled 76 | . 7 . 1 5 . . 15 . 1 . . . . 7 . 17 . . . . . . 18 . . 5 . Max in Single Turn 10 | . 3 . 1 1 . . 10 . 1 . . . . 4 . 5 . . . . . . 5 . . 1 . Garrison Access 19 | . . . . 1 . . 3 . 1 . . . . 3 . 3 . . . . 1 . 4 1 1 1 . Machines Repaired . | . . . . . . . . . . . . . . . . . . . . . . . . . . . . Machines Dismantled . | . . . . . . . . . . . . . . . . . . . . . . . . . . . . Machines Sabotaged . | . . . . . . . . . . . . . . . . . . . . . . . . . . . . Overloaded Fab Kills . | . . . . . . . . . . . . . . . . . . . . . . . . . . . . Hacking | -11 -10 -10 -9 -9 -9 -9 -6 -6 -6 -6 -6 -6 -5 -5 -5 -5 -5 -5 -5 -4 -4 -4 -4 -3 -2 -2 -2 --------- Run | Yrd Mat Min Mat Sto Rec Scr Fac Was Fac Low Low Dat Pro Fac Was Fac Upp Upp Zhi Pro Fac Was Fac Res Res Tes Frg Machines Accessed 269 | . 8 . 4 15 10 9 36 . 23 . . 4 1 35 . 33 . 1 5 . 11 . 32 12 9 11 10 Terminals 125 | . 6 . 2 11 5 . 15 . 7 . . . 1 16 . 14 . . . . 8 . 14 7 4 8 7 Fabricators 22 | . . . . . . . 5 . 4 . . . . 3 . 5 . . . . . . 2 1 . 2 . Repair Stations 16 | . 1 . 1 1 . . 2 . 3 . . . . 2 . 2 . . . . 2 . 2 . . . . Recycling Units 52 | . 1 . 1 2 5 . 7 . 5 . . . . 7 . 7 . . . . . . 7 3 4 . 3 Scanalyzers 15 | . . . . . . . 4 . 2 . . . . 4 . 2 . . . . . . 3 . . . . Garrison Access 20 | . . . . 1 . . 3 . 2 . . . . 3 . 3 . . . . 1 . 4 1 1 1 . Total Hacks 1034 | . 27 . 13 45 25 34 135 . 82 . . 28 1 132 . 134 . 1 17 . 53 . 126 72 38 35 36 Successful 643 | . 15 . 3 21 11 34 81 . 47 . . 28 1 86 . 82 . 1 17 . 30 . 76 46 25 21 18 Failed 391 | . 12 . 10 24 14 . 54 . 35 . . . . 46 . 52 . . . . 23 . 50 26 13 14 18 Catastrophic 38 | . 1 . 1 2 . . 4 . 6 . . . . 4 . 6 . . . . 4 . 4 3 1 . 2 Database Lockouts . | . . . . . . . . . . . . . . . . . . . . . . . . . . . . Manual 437 | . 17 . 4 12 16 . 62 . 33 . . . . 61 . 61 . . . . 28 . 56 45 18 5 19 Terminals 621 | . 20 . 5 27 16 . 77 . 31 . . . 1 89 . 87 . . . . 45 . 79 59 28 29 28 Fabricators 60 | . . . . . . . 11 . 15 . . . . 8 . 11 . . . . . . 7 3 . 5 . Repair Stations 52 | . 4 . 4 4 . . 5 . 13 . . . . 4 . 4 . . . . 7 . 7 . . . . Recycling Units 125 | . 3 . 4 9 9 . 17 . 13 . . . . 16 . 12 . . . . . . 16 9 9 . 8 Scanalyzers 54 | . . . . . . . 18 . 5 . . . . 10 . 10 . . . . . . 11 . . . . Garrison Access 42 | . . . . 5 . . 7 . 5 . . . . 5 . 10 . . . . 1 . 6 1 1 1 . Terminal Hacks 280 | . 3 . . 9 . 34 23 . 10 . . 28 1 35 . 30 . 1 17 . 9 . 22 21 13 14 10 Record 50 | . . . . . . 32 . . . . . 11 1 . . . . . 6 . . . . . . . . Part Schematic 15 | . . . . . . . 2 . . . . 8 . . . 1 . . 3 . . . . . . 1 . Robot Schematic 10 | . . . . 1 . . . . 2 . . 6 . . . . . . . . . . . 1 . . . Robot Analysis 6 | . . . . . . . . . 1 . . . . . . . . . 4 . . . . . . 1 . Prototype ID Bank 33 | . 1 . . . . . 5 . 1 . . 3 . 5 . 3 . . 4 . 1 . 4 3 2 1 . Open Door 7 | . . . . 4 . 1 . . . . . . . . . . . 1 . . . . . . . 1 . Level Access Points 1 | . . . . . . . . . . . . . . . . . . . . . . . . . . . 1 Branch Access Points 8 | . 1 . . . . . 1 . . . . . . . . 1 . . . . 1 . 1 1 1 . 1 Emergency Access Points 3 | . . . . . . . 1 . . . . . . . . . . . . . . . . 2 . . . Machine Index 4 | . . . . . . . . . 1 . . . . 1 . 1 . . . . . . . . 1 . . Terminal Index 8 | . . . . . . . 1 . 1 . . . . . . 1 . . . . 1 . 1 1 . 1 1 Fabricator Index 4 | . . . . . . . . . . . . . . . . . . . . . 1 . 1 2 . . . Recycling Unit Index 3 | . . . . . . . . . . . . . . 1 . 1 . . . . . . . . . . 1 Garrison Index 1 | . . . . . . . 1 . . . . . . . . . . . . . . . . . . . . Alert Level 17 | . . . . 2 . . 1 . 1 . . . . 3 . 2 . . . . 1 . 4 . 1 1 1 Unreport Threat 4 | . . . . 1 . . 1 . . . . . . 1 . 1 . . . . . . . . . . . Locate Traps 32 | . 1 . . 1 . . 4 . 2 . . . . 6 . 6 . . . . 2 . 2 4 1 1 2 Disarm Traps 1 | . . . . . . . . . . . . . . . . 1 . . . . . . . . . . . Reprogram Traps 6 | . . . . . . . 2 . . . . . . . . 1 . . . . . . . 3 . . . Dispatch Records 5 | . . . . . . . . . . . . . . 2 . 1 . . . . . . 1 1 . . . Maintenance Status 1 | . . . . . . . 1 . . . . . . . . . . . . . . . . . . . . Security Status 2 | . . . . . . . . . . . . . . 1 . 1 . . . . . . . . . . . Patrol Status 4 | . . . . . . . . . . . . . . 2 . . . . . . . . . 1 . 1 . Transport Status 1 | . . . . . . . . . . . . . . . . 1 . . . . . . . . . . . Extermination Status 1 | . . . . . . . . . 1 . . . . . . . . . . . . . . . . . . Recall Investigation 2 | . . . . . . . . . . . . . . . . . . . . . . . 2 . . . . Recall Extermination 11 | . . . . . . . 2 . . . . . . 2 . 1 . . . . 1 . 1 . 2 2 . Recall Reinforcements 7 | . . . . . . . . . . . . . . 4 . . . . . . . . 1 . 1 . 1 Hauler Manifests 5 | . . . . . . . . . . . . . . 2 . 1 . . . . . . 1 . 1 . . Registered Components 8 | . . . . . . . 1 . . . . . . 1 . 1 . . . . 1 . . 1 1 1 1 Registered Prototypes 5 | . . . . . . . . . . . . . . 1 . 1 . . . . . . 1 1 1 . . Zone Layout 12 | . . . . . . . . . . . . . . 3 . 4 . . . . . . 2 . 1 1 1 Proto ID Catalog 1 | . . . . . . 1 . . . . . . . . . . . . . . . . . . . . . Protovariant Controls 2 | . . . . . . . . . . . . . . . . . . . . . . . . . . 2 . Fabricator Hacks 16 | . . . . . . . 2 . 5 . . . . 1 . 2 . . . . . . 2 . . 4 . Network Status 2 | . . . . . . . 1 . 1 . . . . . . . . . . . . . . . . . . Load Schematic 8 | . . . . . . . 1 . 2 . . . . 1 . 1 . . . . . . 1 . . 2 . Build 6 | . . . . . . . . . 2 . . . . . . 1 . . . . . . 1 . . 2 . Repair Station Hacks 38 | . 4 . 1 4 . . 4 . 8 . . . . 4 . 4 . . . . 5 . 4 . . . . Scan Component 20 | . 2 . 1 2 . . 2 . 4 . . . . 2 . 2 . . . . 3 . 2 . . . . Repair 18 | . 2 . . 2 . . 2 . 4 . . . . 2 . 2 . . . . 2 . 2 . . . . Recycling Unit Hacks 33 | . 1 . . 3 1 . 4 . 3 . . . . 5 . 3 . . . . . . 8 2 3 . . Report Inventory 1 | . . . . 1 . . . . . . . . . . . . . . . . . . . . . . . Retrieve Components 32 | . 1 . . 2 1 . 4 . 3 . . . . 5 . 3 . . . . . . 8 2 3 . . Scanalyzer 24 | . . . . . . . 10 . 1 . . . . 3 . 4 . . . . . . 6 . . . . Insert Component 15 | . . . . . . . 6 . 1 . . . . 2 . 2 . . . . . . 4 . . . . Analyze 9 | . . . . . . . 4 . . . . . . 1 . 2 . . . . . . 2 . . . . Garrison Access Hacks 18 | . . . . . . . 3 . 1 . . . . 3 . 3 . . . . 1 . 4 1 1 1 . Seal Access 18 | . . . . . . . 3 . 1 . . . . 3 . 3 . . . . 1 . 4 1 1 1 . Unauthorized Hacks 234 | . 7 . 2 5 10 . 35 . 19 . . . . 35 . 36 . . . . 15 . 30 22 8 2 8 Terminals 142 | . 6 . 2 3 5 . 18 . 9 . . . . 19 . 20 . . . . 15 . 18 16 4 2 5 Track 22 | . 1 . . . . . 3 . 1 . . . . 2 . 4 . . . . 3 . 3 3 . 1 1 Assimilate 18 | . . . . . . . 1 . 1 . . . . 7 . 1 . . . . 4 . 2 . . . 2 Botnet 34 | . . . . 1 1 . 5 . 1 . . . . 4 . 6 . . . . 3 . 5 5 1 1 1 Detonate 11 | . . . . . . . 1 . . . . . . 1 . 2 . . . . 1 . 3 2 . . 1 Operators 6 | . . . . . . . 2 . 1 . . . . . . 1 . . . . 1 . . 1 . . . Skim 51 | . 5 . 2 2 4 . 6 . 5 . . . . 5 . 6 . . . . 3 . 5 5 3 . . Fabricators 31 | . . . . . . . 7 . 5 . . . . 5 . 7 . . . . . . 4 3 . . . Report 6 | . . . . . . . 1 . 1 . . . . 1 . 1 . . . . . . 1 1 . . . Liberate 17 | . . . . . . . 5 . 3 . . . . 3 . 4 . . . . . . 1 1 . . . Haulers 7 | . . . . . . . 1 . 1 . . . . 1 . 1 . . . . . . 2 1 . . . Download 1 | . . . . . . . . . . . . . . . . 1 . . . . . . . . . . . Repair Stations . | . . . . . . . . . . . . . . . . . . . . . . . . . . . . Recycling Units 50 | . 1 . . 2 5 . 7 . 4 . . . . 7 . 7 . . . . . . 7 3 4 . 3 Reject 2 | . 1 . . 1 . . . . . . . . . . . . . . . . . . . . . . . Mask 1 | . . . . 1 . . . . . . . . . . . . . . . . . . . . . . . Tunnel 5 | . . . . . 5 . . . . . . . . . . . . . . . . . . . . . . Fedlink 40 | . . . . . . . 7 . 4 . . . . 7 . 7 . . . . . . 7 3 4 . 1 Scrapoids 1 | . . . . . . . . . . . . . . . . . . . . . . . . . . . 1 Scraphulk 1 | . . . . . . . . . . . . . . . . . . . . . . . . . . . 1 Scanalyzers 11 | . . . . . . . 3 . 1 . . . . 4 . 2 . . . . . . 1 . . . . Extract 11 | . . . . . . . 3 . 1 . . . . 4 . 2 . . . . . . 1 . . . . Garrison Access . | . . . . . . . . . . . . . . . . . . . . . . . . . . . . Data Cores Recovered 3 | . 1 . . . . . . . . . . . . 1 . . . . . . . . . . . . 1 Used . | . . . . . . . . . . . . . . . . . . . . . . . . . . . . Hacking Detections 165 | . 7 . 4 14 7 . 20 . 18 . . . . 20 . 20 . . . . 8 . 19 7 5 8 8 Full Trace Events 27 | . . . 1 3 2 . 1 . 6 . . . . 3 . 4 . . . . 2 . 3 . . 2 . Feedback Events 1 | . . . . . . . . . . . . . . 1 . . . . . . . . . . . . . Hackware Fried 1 | . . . . . . . . . . . . . . 1 . . . . . . . . . . . . . Feedback Blocked . | . . . . . . . . . . . . . . . . . . . . . . . . . . . . Robot Schematics Acquired 12 | . . . . 1 . . . . 2 . . 6 . . . 1 . . . . . . . 1 . 1 . Robots Built 9 | . . . . . . . . . 3 . . . . . . . . . . . . . 2 . . 4 . Authchips . | . . . . . . . . . . . . . . . . . . . . . . . . . . . . Time 574 | . . . . . . . . . 67 . . . . . . . . . . . . . 169 . . 338 . Total Robot Build Rating 48 | . . . . . . . . . 12 . . . . . . . . . . . . . 12 . . 24 . Part Schematics Acquired 60 | . . . . . . . 15 . 1 . . 8 . 17 . 7 . . 3 . . . 5 . . 4 . Parts Built 2 | . . . . . . . . . 1 . . . . . . 1 . . . . . . . . . . . Authchips . | . . . . . . . . . . . . . . . . . . . . . . . . . . . . Time 304 | . . . . . . . . . 152 . . . . . . 152 . . . . . . . . . . . Total Part Build Rating 10 | . . . . . . . . . 5 . . . . . . 5 . . . . . . . . . . . Parts Repaired 18 | . 2 . . 2 . . 2 . 4 . . . . 2 . 2 . . . . 2 . 2 . . . . Time 696 | . 52 . . 70 . . 89 . 136 . . . . 47 . 108 . . . . 98 . 96 . . . . Parts Recycled . | . . . . . . . . . . . . . . . . . . . . . . . . . . . . Recycled Matter . | . . . . . . . . . . . . . . . . . . . . . . . . . . . . Retrieved Matter . | . . . . . . . . . . . . . . . . . . . . . . . . . . . . Retrieved Components 48 | . 2 . . 9 . . 7 . 2 . . . . 3 . 8 . . . . . . 11 4 2 . . Parts Scanalyzed 10 | . . . . . . . 4 . . . . . . 2 . 2 . . . . . . 2 . . . . Part Schematics Acquired 8 | . . . . . . . 3 . . . . . . 1 . 2 . . . . . . 2 . . . . Parts Damaged 3 | . . . . . . . 1 . . . . . . 1 . 1 . . . . . . . . . . . Bothacking | -11 -10 -10 -9 -9 -9 -9 -6 -6 -6 -6 -6 -6 -5 -5 -5 -5 -5 -5 -5 -4 -4 -4 -4 -3 -2 -2 -2 ------------ Run | Yrd Mat Min Mat Sto Rec Scr Fac Was Fac Low Low Dat Pro Fac Was Fac Upp Upp Zhi Pro Fac Was Fac Res Res Tes Frg Used RIF Installer . | . . . . . . . . . . . . . . . . . . . . . . . . . . . . Robots Hacked 12 | . . . . . . 4 . . . . . . . 3 . . . . 3 . . . . . . 2 . Non-combat 5 | . . . . . . 2 . . . . . . . 3 . . . . . . . . . . . . . Combat 7 | . . . . . . 2 . . . . . . . . . . . . 3 . . . . . . 2 . Robot Hacks Applied 12 | . . . . . . 4 . . . . . . . 3 . . . . 3 . . . . . . 2 . parse_system 10 | . . . . . . 4 . . . . . . . 1 . . . . 3 . . . . . . 2 . find_chute 2 | . . . . . . . . . . . . . . 2 . . . . . . . . . . . . . Relay Couplers Released 2 | . . . . 2 . . . . . . . . . . . . . . . . . . . . . . . Machine Destruction 2 | . . . . 2 . . . . . . . . . . . . . . . . . . . . . . . Fabnet Peak Effective % . | . . . . . . . . . . . . . . . . . . . . . . . . . . . . Robots Rewired 4 | . . . . . . . 2 . . . . . . . . . . . . . . . . . . 1 1 Allies Hacked 1 | . . . . . . . . . 1 . . . . . . . . . . . . . . . . . . Hacks Repelled . | . . . . . . . . . . . . . . . . . . . . . . . . . . . . Allies | -11 -10 -10 -9 -9 -9 -9 -6 -6 -6 -6 -6 -6 -5 -5 -5 -5 -5 -5 -5 -4 -4 -4 -4 -3 -2 -2 -2 -------- Run | Yrd Mat Min Mat Sto Rec Scr Fac Was Fac Low Low Dat Pro Fac Was Fac Upp Upp Zhi Pro Fac Was Fac Res Res Tes Frg Total Allies 42 | . . 2 . . . . 3 . 4 . . . . 8 . 4 . . . . 3 . 6 . . 5 7 Largest Group 6 | . . 2 2 . . . 2 . 3 . . . . 2 . 3 . . . . 1 . 2 1 . 3 6 Highest-Rated Group 459 | . . 62 62 . . . 81 . 90 . . . . 98 . 87 . . . . 45 . 98 26 . 250 459 Highest-Rated Ally 142 | . . 31 31 . . . 41 . 30 . . . . 49 . 29 . . . . 45 . 54 26 . 142 139 Total Orders 15 | . . . . 8 . . . . . . . . . 3 . . . . . . . . . . . 3 1 STAY 3 | . . . . . . . . . . . . . . 2 . . . . . . . . . . . 1 . FOLLOW 3 | . . . . . . . . . . . . . . 1 . . . . . . . . . . . 2 . AID 1 | . . . . . . . . . . . . . . . . . . . . . . . . . . . 1 EXPLORE 7 | . . . . 7 . . . . . . . . . . . . . . . . . . . . . . . RETURN 1 | . . . . 1 . . . . . . . . . . . . . . . . . . . . . . . Ally Attacks 265 | . . 16 40 . . . 11 . 8 . . . . 7 . 12 . . . . . . 14 . . 18 139 Total Damage 6883 | . . 271 419 . . . 270 . 263 . . . . 472 . 193 . . . . . . 548 . . 789 3658 Kills 37 | . . 5 9 . . . 1 . 2 . . . . 6 . . . . . . . . 1 . . 1 12 Allies Corrupted 1 | . . . . . . . . . . . . . . 1 . . . . . . . . . . . . . Allies Melted . | . . . . . . . . . . . . . . . . . . . . . . . . . . . . Intel | -11 -10 -10 -9 -9 -9 -9 -6 -6 -6 -6 -6 -6 -5 -5 -5 -5 -5 -5 -5 -4 -4 -4 -4 -3 -2 -2 -2 ------- Run | Yrd Mat Min Mat Sto Rec Scr Fac Was Fac Low Low Dat Pro Fac Was Fac Upp Upp Zhi Pro Fac Was Fac Res Res Tes Frg Active Infowar (turns) 9525 | . . . . . . . 1078 49 1409 243 263 21 209 1048 13 1144 235 103 48 554 358 20 727 332 294 610 767 Optics 9309 | . . . . . . . 876 49 1409 243 263 21 209 1048 13 1144 221 103 48 554 358 20 727 332 294 610 767 Sensors 8644 | . . . . . . . 1005 46 1409 243 263 21 209 1040 13 1063 235 103 48 554 358 20 619 332 293 610 160 Structural 6260 | . . . . . . . . . 309 241 215 19 178 973 . 975 221 103 48 554 358 20 651 332 293 610 160 Cloaking 795 | . . . . . . . . . . . . . . . . . . . . . 1 20 727 47 . . . ECM 1522 | . . . . . . . . . 268 . . . . . . . 1 . 20 24 . . 344 174 285 374 32 Robot Analysis Total 6 | . . . . . . . . . 1 . . . . . . . . . 4 . . . . . . 1 . Derelict Logs Recovered 7 | . . 2 . . . . . . . . 2 . 2 . . . . . . 1 . . . . . . . Drone Launches 16 | . . . . 16 . . . . . . . . . . . . . . . . . . . . . . . Drone Recoveries 8 | . . . . 8 . . . . . . . . . . . . . . . . . . . . . . . Exploration | -11 -10 -10 -9 -9 -9 -9 -6 -6 -6 -6 -6 -6 -5 -5 -5 -5 -5 -5 -5 -4 -4 -4 -4 -3 -2 -2 -2 ------------- Run | Yrd Mat Min Mat Sto Rec Scr Fac Was Fac Low Low Dat Pro Fac Was Fac Upp Upp Zhi Pro Fac Was Fac Res Res Tes Frg Turns Passed 19908 | 302 1338 1048 1282 2955 1034 2351 1141 49 1409 243 263 21 209 1048 13 1144 245 103 48 554 358 20 727 332 294 610 767 Spaces Moved 29836 | 107 643 610 622 736 612 1492 2897 201 3334 973 840 80 808 3198 62 3119 565 403 155 1153 949 84 2203 852 918 1073 1147 Core 7 | 3 . . . . . . . . . . . . . . . . 3 . . . . . . . . . 1 Treads 4819 | 104 643 610 622 736 612 1492 . . . . . . . . . . . . . . . . . . . . . Legs 294 | . . . . . . . . . . . . . . . . . . . . . . . . . . . 294 Wheels . | . . . . . . . . . . . . . . . . . . . . . . . . . . . . Hover . | . . . . . . . . . . . . . . . . . . . . . . . . . . . . Flight 24716 | . . . . . . . 2897 201 3334 973 840 80 808 3198 62 3119 562 403 155 1153 949 84 2203 852 918 1073 852 Fastest Speed 11 | 50 160 160 160 160 160 156 22 22 14 20 20 24 24 21 21 21 24 24 24 24 24 24 11 18 21 19 19 Average Speed 45 | 156 160 160 160 160 160 156 22 22 22 23 23 24 24 23 21 23 25 24 24 24 24 24 21 21 23 22 43 Slowest Speed 250 | 160 160 160 160 160 160 160 92 22 26 24 24 24 24 25 21 25 250 24 24 24 27 24 26 24 27 24 113 Overloaded Moves 7 | . . . . . . . . . 1 . . . . . . . . . . . . . 6 . . . . Propulsion Burnouts . | . . . . . . . . . . . . . . . . . . . . . . . . . . . . Robots Hopped 132 | . . . . . . . 16 . 14 . . . . 28 . 16 . . . 3 6 . 14 6 16 8 5 Potential Cave-ins . | . . . . . . . . . . . . . . . . . . . . . . . . . . . . Cave-ins Triggered 3 | . . . . . . . . . 2 . . . . . . . . . . . . . . 1 . . . Exploration Rate (%) 71 | 8 97 99 49 95 96 91 74 95 60 95 90 75 93 68 74 85 69 55 63 91 27 85 70 37 33 86 45 Regions Visited 27 Branch Regions 14 Pre-discovered Areas 20 | . 1 . . . 5 . 5 . . . 1 1 1 1 . 1 . . 3 1 . . . . . . . Known Exits Taken 18 | . 1 1 1 . 1 . . . 1 1 1 1 1 . . 1 1 1 1 1 . . 1 1 1 1 . Unknown Exits Taken 3 | 1 . . . 1 . 1 . . . . . . . . . . . . . . . . . . . . . Scrap Searched 20 | . . 1 . . . 6 . . . 1 3 . 3 . . . . 2 . 4 . . . . . . . Spaces Dug 520 | . . . 14 13 . . 127 . 74 1 3 . . 46 . 146 8 2 . 2 9 . 22 16 7 16 14 Terrain Destroyed 1172 | . 44 40 84 148 2 . 213 . 107 1 3 . 42 81 . 202 19 2 . 2 9 . 120 16 7 16 14 Melee 370 | . . . . . . . 83 . 74 1 3 . . 46 . 67 8 2 . 2 9 . 22 16 7 16 14 Projectile 15 | . . . . 13 2 . . . . . . . . . . . . . . . . . . . . . . AOE 787 | . 44 40 84 135 . . 130 . 33 . . . 42 35 . 135 11 . . . . . 98 . . . . Terrain Rammed . | . . . . . . . . . . . . . . . . . . . . . . . . . . . . Walls Destroyed . | . . . . . . . . . . . . . . . . . . . . . . . . . . . . Machines Disabled . | . . . . . . . . . . . . . . . . . . . . . . . . . . . . Actions | -11 -10 -10 -9 -9 -9 -9 -6 -6 -6 -6 -6 -6 -5 -5 -5 -5 -5 -5 -5 -4 -4 -4 -4 -3 -2 -2 -2 --------- Run | Yrd Mat Min Mat Sto Rec Scr Fac Was Fac Low Low Dat Pro Fac Was Fac Upp Upp Zhi Pro Fac Was Fac Res Res Tes Frg Total 34391 | 177 838 659 800 2279 641 1515 3210 204 3842 982 897 80 817 3344 61 3345 649 405 163 1413 1018 83 2358 965 951 1396 1299 Wait 2996 | 17 87 19 37 1334 6 2 129 . 386 7 45 . 4 55 . 82 69 . . 248 19 . 92 64 11 279 4 Move 29554 | 107 642 609 621 735 611 1491 2865 200 3305 972 839 79 807 3143 61 3087 564 402 154 1146 937 83 2174 839 887 1057 1137 Hop 127 | . . . . . . . 16 . 14 . . . . 27 . 15 . . . 3 6 . 14 6 14 7 5 Pick Up 97 | 9 13 . 15 5 . 3 8 . 2 . 2 . . 5 . 7 2 1 1 . 1 . 3 7 6 1 6 Fast Attach 137 | 5 4 . 5 20 . . 12 2 11 . . . . 4 . 4 . . 2 2 5 . 12 1 6 7 35 Attach 47 | 1 1 . 5 2 . . 12 . 4 . . . . 3 . 1 3 . . . 1 . 3 5 . 1 5 Detach 27 | . . . 6 2 . . 8 . 4 . . . . . . 1 . . . . . . 2 . 1 . 3 Swap 91 | 1 9 4 14 18 2 7 4 . 7 2 4 1 3 . . 1 1 . . 1 2 . 1 6 1 . 2 Drop 143 | 1 15 . 21 21 2 8 22 2 2 . 1 . . 2 . 5 . . 2 2 3 . 5 9 2 8 10 Fire 294 | 35 61 8 60 103 11 . 2 . 4 . . . 3 . . . 1 . . . . . . . . . 6 Melee 711 | . . . . 28 . 4 123 . 89 1 6 . . 81 . 112 9 2 4 11 32 . 52 26 23 33 75 Ram . | . . . . . . . . . . . . . . . . . . . . . . . . . . . . Kick . | . . . . . . . . . . . . . . . . . . . . . . . . . . . . Crush 62 | 1 6 19 16 11 9 . . . . . . . . . . . . . . . . . . . . . . Escape Stasis 29 | . . . . . . . 7 . 14 . . . . . . . . . . . 5 . . . . 3 . Rewire 1 | . . . . . . . . . . . . . . . . . . . . . . . . . . . 1 Trap 65 | . . . . . . . 2 . . . . . . 24 . 30 . . . . 7 . . 2 . . . Miscellaneous 10 | . . . . . . . . . . . . . . . . . . . . . . . . . . . 10 Route ------- -11/Scrapyard -10/Materials (discovered 6 exits: *Mat x3 / *Min x2 / Sub) -10/Mines (discovered 3 exits: *Mat x2 / *Sub) -9/Materials (discovered 3 exits: *Mat x2 / *Sto) -9/Storage (discovered 2 exits: *Mat / *Rec) -9/Recycling (discovered 2 exits: *Fac / *Scr) -9/Scraptown (discovered 2 exits: *Fac x2) -6/Factory (discovered 6 exits: *Fac x4 / *Low x2) -6/Waste -6/Factory (discovered 4 exits: *Fac x3 / *Low) -6/Lower Caves -6/Lower Caves (discovered 2 exits: *Fac / *Dat) -6/Data Miner -5/Proximity Caves -5/Factory (discovered 5 exits: *Fac x3 / *Upp / *Ext) -5/Waste -5/Factory (discovered 7 exits: *Fac x3 / *Upp x2 / *Ext x2) -5/Upper Caves -5/Upper Caves (discovered 2 exits: Fac / *Zhi) -5/Zhirov -4/Proximity Caves -4/Factory (discovered 3 exits: Upp x2 / Arm) -4/Waste -4/Factory (discovered 5 exits: *Res x2 / *Upp x2 / Arm) -3/Research (discovered 4 exits: *Res x2 / Qua x2) -2/Research (discovered 2 exits: *Tes x2) -2/Testing (discovered 3 exits: *Acc / *Sec / *Frg) -2/Protoforge (discovered 1 exit: *Acc) History --------- Turn | Location | Event 57 | -11/Scrapyard | Discovered new exit (range 16) 303 | -11/Scrapyard | Entered Materials 304 | -10/Materials | Build established: Mutant 557 | -10/Materials | Discovered new exit (range 8) 616 | -10/Materials | Identified exit to Mines 893 | -10/Materials | Discovered new exit (range 16) 929 | -10/Materials | Learned location of 1 exit from Recycling 1003 | -10/Materials | Identified exit to Materials 1003 | -10/Materials | Identified exit to Subcaves 1038 | -10/Materials | Learned Storage stockpile data 1053 | -10/Materials | Learned 4 Materials zone layouts 1078 | -10/Materials | Learned location of Subcaves (-10) 1115 | -10/Materials | Learned location of 1 exit from Recycling 1405 | -10/Materials | Repaired Lgt. Treads 1431 | -10/Materials | Repaired Lgt. Treads 1641 | -10/Materials | Entered Mines 1646 | -10/Mines | Assembled infested the area 1651 | -10/Mines | Assisted by a Guerilla fighting off Assembled 1796 | -10/Mines | Learned location of 1 exit from Materials 1807 | -10/Mines | Met a Derelict testing a Signal Generator 1841 | -10/Mines | Escorted by a lone wolf Derelict 1910 | -10/Mines | Discovered exit to Materials (range 9) 2095 | -10/Mines | Discovered exit to Materials (range 6) 2121 | -10/Mines | Discovered exit to Subcaves (range 4) 2689 | -10/Mines | Entered Materials 2689 | -9/Materials | Accompanied by 2 allies 2689 | -9/Materials | Evolved 2 slots: Propulsion x2 2690 | -9/Materials | Identified exit to Storage 2691 | -9/Materials | Identified exit to Materials 3307 | -9/Materials | Destroyed 8 combat bots 3971 | -9/Materials | Entered Storage 5906 | -9/Storage | Build established: Scavenger-Mutant 5966 | -9/Storage | Repaired Imp. Treads 6005 | -9/Storage | Repaired Hrd. Medium Armor Plating 6020 | -9/Storage | Discovered exit to Materials (range 5) 6214 | -9/Storage | Core integrity fell below 50% 6771 | -9/Storage | First assault squad dispatched 6878 | -9/Storage | Build established: Mutant 6920 | -9/Storage | Used back door to open Recycling access 6920 | -9/Storage | Discovered new exit (range 5) 6926 | -9/Storage | Entered Recycling 6927 | -9/Recycling | Identified exit to Scraptown 6927 | -9/Recycling | Identified exit to Factory 7112 | -9/Recycling | Scanned before Scraplab entrance 7960 | -9/Recycling | Entered Scraptown 7960 | -9/Scraptown | System corruption cleaned by C-Scrubber 8166 | -9/Scraptown | Visited UFD Registry 8166 | -9/Scraptown | Registered with UFD as "Gammaplate" 8211 | -9/Scraptown | Visited Cave Peace 8259 | -9/Scraptown | Visited Comm Corps 8540 | -9/Scraptown | Heard Great Nut preacher, LISTEN AND RECITE! 8702 | -9/Scraptown | Discovered new exit (range 5) 8871 | -9/Scraptown | Visited Shadow of the Wyrm 8890 | -9/Scraptown | Visited CPS Storage 8920 | -9/Scraptown | Visited Cyclists 8943 | -9/Scraptown | Entered Cyclist Reading Room 9007 | -9/Scraptown | Visited Awakened 9072 | -9/Scraptown | Visited LU-1G1's Boring Crew 9162 | -9/Scraptown | Visited Curators Association 9192 | -9/Scraptown | Visited Abandonware Association 9217 | -9/Scraptown | Learned abandonware demo "ERRANTS.EXE" 9217 | -9/Scraptown | Learned abandonware demo "REVENGE.EXE" 9267 | -9/Scraptown | Visited Junk Repository 9342 | -9/Scraptown | Visited DA-N13 Charitable Foundation 9348 | -9/Scraptown | Found DCF Scrap (27 items) 9413 | -9/Scraptown | Visited Science Guys 9487 | -9/Scraptown | Visited Sword Containment 9596 | -9/Scraptown | Visited Junk Repository 9648 | -9/Scraptown | Visited Modified Component R&D 10211 | -9/Scraptown | Met Optimus 10211 | -9/Scraptown | Accepted into 0bPrime 10300 | -9/Scraptown | Discovered new exit (range 5) 10311 | -9/Scraptown | Entered Factory 10311 | -6/Factory | Evolved 6 slots: Propulsion x2, Utility x4 10425 | -6/Factory | Repaired Hrd. Medium Armor Plating 10575 | -6/Factory | Discovered new exit (range 4) 10575 | -6/Factory | Identified exit to Lower Caves 10665 | -6/Factory | Discovered new exit (range 6) 10666 | -6/Factory | Identified exit to Factory 10855 | -6/Factory | Loaded intel: 8 recycling unit locations 10865 | -6/Factory | Build established: Hacker-Scout 10866 | -6/Factory | Learned location of Protoforge (-2) 10971 | -6/Factory | Discovered exit to Lower Caves (range 16) 10994 | -6/Factory | Discovered exit to Factory (range 4) 11011 | -6/Factory | Search patrols dispatched 11174 | -6/Factory | Loaded intel: 4 scanalyzer locations 11223 | -6/Factory | Learned location of Upper Caves (-4) 11260 | -6/Factory | Learned location of Extension (-5) 11325 | -6/Factory | Learned location of 2 exits from Upper Caves 11361 | -6/Factory | Search patrols dispatched 11373 | -6/Factory | Learned location of Proximity Caves (-6) 11422 | -6/Factory | Repaired Broken Imp. System Restoration Module 11452 | -6/Factory | Manually triggered Chute Trap 11452 | -6/Factory | Sucked down chute 11452 | -6/Factory | Entered Waste 11452 | -6/Waste | The area was eerily silent 11487 | -6/Waste | Discovered new exit (range 22) 11500 | -6/Waste | Identified exit to Factory 11501 | -6/Waste | Entered Factory 11581 | -6/Factory | Crushed by falling debris 11687 | -6/Factory | Repaired Imp. VTOL Module 11884 | -6/Factory | Repaired Rocket Launcher 11944 | -6/Factory | Fabricated Cld. Cesium-ion Thruster (x1) 11949 | -6/Factory | Discovered exit to Factory (range 5) 11968 | -6/Factory | Loaded intel: 8 recycling unit locations 12037 | -6/Factory | Discovered exit to Factory (range 5) 12111 | -6/Factory | Discovered exit to Factory (range 14) 12149 | -6/Factory | Repaired Imp. Datajack 12395 | -6/Factory | Crushed by falling debris 12655 | -6/Factory | Repaired Lgt. Fission Core? 12665 | -6/Factory | Discovered exit to Lower Caves (range 21) 12672 | -6/Factory | Fabricated L-41 Fighter (x3) 12901 | -6/Factory | Search patrols dispatched 12910 | -6/Factory | Entered Lower Caves 12948 | -6/Lower Caves | Encountered a Warlord checkpoint 13097 | -6/Lower Caves | Discovered new exit (range 15) 13100 | -6/Lower Caves | Identified exit to Lower Caves 13153 | -6/Lower Caves | Entered another Lower Caves area 13154 | -6/Lower Caves | Encountered a Warlord checkpoint 13154 | -6/Lower Caves | Learned Factory trap positions 13162 | -6/Lower Caves | Discovered exit to Factory (range 9) 13376 | -6/Lower Caves | Spotted B-75 Beast 13379 | -6/Lower Caves | Discovered new exit (range 7) 13381 | -6/Lower Caves | Identified exit to Data Miner 13384 | -6/Lower Caves | Found DCF Scrap (13 items) 13416 | -6/Lower Caves | Entered Data Miner 13416 | -6/Data Miner | Discovered new exit (range 6) 13418 | -6/Data Miner | Identified exit to Proximity Caves 13420 | -6/Data Miner | Met Data Miner 13426 | -6/Data Miner | Learned location of Section 7 (-2) 13426 | -6/Data Miner | Acquired the access code to Warlord's prototype stash 13430 | -6/Data Miner | Received God Mode back door access code from Data Miner 13437 | -6/Data Miner | Entered Proximity Caves 13646 | -5/Proximity Caves | Entered Factory 13646 | -5/Factory | Evolved 2 slots: Utility x2 13647 | -5/Factory | Loaded intel: 123 trap records 13722 | -5/Factory | Loaded intel: 8 recycling unit locations 13996 | -5/Factory | Learned Factory trap positions 14060 | -5/Factory | Learned location of 2 exits from Research 14087 | -5/Factory | Repaired Lgt. Fission Core? 14108 | -5/Factory | Repaired Hvy. Missile Launcher? 14113 | -5/Factory | Learned Research trap positions 14117 | -5/Factory | Discovered new exit (range 12) 14154 | -5/Factory | Learned Research trap positions 14187 | -5/Factory | Learned Research scanalyzer intel 14208 | -5/Factory | Learned location of Quarantine (-3) 14241 | -5/Factory | Learned location of 2 exits from Upper Caves 14283 | -5/Factory | Learned Armory trap positions 14379 | -5/Factory | Spotted B-75 Beast 14386 | -5/Factory | Discovered new exit (range 16) 14476 | -5/Factory | Discovered new exit (range 6) 14489 | -5/Factory | Discovered new exit (range 5) 14490 | -5/Factory | Identified exit to Upper Caves 14537 | -5/Factory | Discovered new exit (range 4) 14538 | -5/Factory | Identified exit to Factory 14546 | -5/Factory | Search patrols dispatched 14643 | -5/Factory | Imp. Hacking Suite fried by hacking feedback 14671 | -5/Factory | Incoming investigation squad redirected 14694 | -5/Factory | Manually triggered Chute Trap 14694 | -5/Factory | Sucked down chute 14694 | -5/Factory | Entered Waste 14696 | -5/Waste | Spotted C-40 Crusher 14697 | -5/Waste | Spotted C-40 Crusher 14699 | -5/Waste | Spotted C-40 Crusher 14702 | -5/Waste | Spotted C-40 Crusher 14702 | -5/Waste | Spotted C-40 Crusher 14702 | -5/Waste | Spotted C-40 Crusher 14703 | -5/Waste | Discovered new exit (range 21) 14707 | -5/Waste | Identified exit to Factory 14707 | -5/Waste | Entered Factory 14708 | -5/Factory | Loaded intel: 107 trap records 14727 | -5/Factory | 1 allies followed down the chute 14729 | -5/Factory | Discovered new exit (range 19) 14766 | -5/Factory | Discovered exit to Factory (range 17) 14791 | -5/Factory | Loaded intel: 8 recycling unit locations 14817 | -5/Factory | Incoming investigation squad redirected 14843 | -5/Factory | Lost 3 parts (1p1n1u) 14887 | -5/Factory | Identified exit to Extension 14976 | -5/Factory | Discovered exit to Factory (range 5) 15120 | -5/Factory | Spotted B-75 Beast 15144 | -5/Factory | Repaired Broken Lgt. Fission Core? 15307 | -5/Factory | Search patrols dispatched 15400 | -5/Factory | Learned 12 Research zone layouts 15439 | -5/Factory | Learned location of 1 exit from Extension 15469 | -5/Factory | Learned 12 Research zone layouts 15490 | -5/Factory | Learned location of 1 exit from Extension 15503 | -5/Factory | Learned Research repair station intel 15506 | -5/Factory | Incoming investigation squad redirected 15507 | -5/Factory | Learned Factory recycling unit intel 15508 | -5/Factory | Learned Testing non-interactive machine intel 15510 | -5/Factory | Learned Testing stockpile data 15538 | -5/Factory | Learned 8 Research zone layouts 15566 | -5/Factory | Learned 4 Extension zone layouts 15587 | -5/Factory | Fabricated Cld. Cesium-ion Thruster (x1) 15639 | -5/Factory | Incoming investigation squad redirected 15743 | -5/Factory | Discovered exit to Factory (range 3) 15845 | -5/Factory | Repaired Imp. Sensor Array 15851 | -5/Factory | Entered Upper Caves 15852 | -5/Upper Caves | Identified exit to Upper Caves 15886 | -5/Upper Caves | Lost 3 parts (1p1u1w) 15948 | -5/Upper Caves | Spotted B-75 Beast 16070 | -5/Upper Caves | Found Alien Artifact 16096 | -5/Upper Caves | Entered another Upper Caves area 16097 | -5/Upper Caves | Identified exit to Zhirov 16139 | -5/Upper Caves | Encountered a Warlord checkpoint 16199 | -5/Upper Caves | Entered Zhirov 16199 | -5/Zhirov | Discovered new exit (range 3) 16204 | -5/Zhirov | Met Zhirov 16214 | -5/Zhirov | Learned location of Testing (-2) 16220 | -5/Zhirov | Zhirov requested help retrieving the SGEMP Prototype 16224 | -5/Zhirov | Found Alien Artifact 16224 | -5/Zhirov | Identified Integrated Reactor 16224 | -5/Zhirov | Installed Integrated Reactor, increased core energy generation (+10) 16237 | -5/Zhirov | Found Alien Artifact 16247 | -5/Zhirov | Identified exit to Proximity Caves 16247 | -5/Zhirov | Entered Proximity Caves 16337 | -4/Proximity Caves | Spotter reported a threat 16383 | -4/Proximity Caves | Build established: Hacker-Ninja 16446 | -4/Proximity Caves | Received a Behemoth hack from an annoying Tinkerer 16795 | -4/Proximity Caves | Discovered exit to Factory (range 11) 16801 | -4/Proximity Caves | Entered Factory 16801 | -4/Factory | Evolved 2 slots: Utility x2 16802 | -4/Factory | Loaded intel: 8 recycling unit locations 16825 | -4/Factory | Identified exit to Upper Caves 16825 | -4/Factory | Identified exit to Armory 16938 | -4/Factory | Repaired Imp. VTOL Module? 17146 | -4/Factory | Repaired Broken Imp. VTOL Module 17159 | -4/Factory | Sucked down chute 17159 | -4/Factory | Entered Waste 17165 | -4/Waste | Spotted C-40 Crusher 17166 | -4/Waste | Spotted C-40 Crusher 17173 | -4/Waste | Spotted C-40 Crusher 17174 | -4/Waste | EMP discharged 17174 | -4/Waste | Discovered new exit (range 22) 17175 | -4/Waste | Spotted C-40 Crusher 17177 | -4/Waste | Spotted C-40 Crusher 17179 | -4/Waste | Identified exit to Factory 17179 | -4/Waste | Entered Factory 17182 | -4/Factory | Loaded intel: 8 recycling unit locations 17211 | -4/Factory | Incoming investigation squad redirected 17384 | -4/Factory | Repaired Nuclear Pulse Array? 17403 | -4/Factory | Spotted B-86 Titan 17428 | -4/Factory | Discovered exit to Upper Caves (range 20) 17464 | -4/Factory | Identified Transdimensional Reconstructor 17464 | -4/Factory | Identified Core Expander 17464 | -4/Factory | Installed Core Expander, added new Weapon slot 17481 | -4/Factory | System corruption reached 10% 17548 | -4/Factory | Found Prototype Hackware 17584 | -4/Factory | Discovered new exit (range 22) 17640 | -4/Factory | Repaired Cld. Cesium-ion Thruster? 17709 | -4/Factory | Identified Exp. System Shield 17810 | -4/Factory | Spotted B-86 Titan 17849 | -4/Factory | Discovered new exit (range 22) 17853 | -4/Factory | Identified exit to Research 17884 | -4/Factory | Fabricated P-70 Sage (x2) 17906 | -4/Factory | Entered Research 17906 | -3/Research | Accompanied by 1 ally 17906 | -3/Research | Evolved 2 slots: Propulsion x2 17907 | -3/Research | Identified exit to Research 17908 | -3/Research | Identified exit to Quarantine 17909 | -3/Research | Loaded intel: 92 trap records 17910 | -3/Research | Loaded intel: 4 repair station locations 17911 | -3/Research | Loaded intel: 5 scanalyzer locations 17930 | -3/Research | Loaded intel: 5 recycling unit locations 17952 | -3/Research | Incoming investigation squad redirected 18008 | -3/Research | Spotted B-86 Titan 18151 | -3/Research | Spotted B-86 Titan 18152 | -3/Research | Found Exp. System Shield 18208 | -3/Research | Crushed by falling debris 18208 | -3/Research | Incoming investigation squad redirected 18208 | -3/Research | System corruption reached 10% 18238 | -3/Research | Entered another Research area 18238 | -2/Research | Evolved 2 slots: Utility x2 18239 | -2/Research | Forged Quantum Companion 18239 | -2/Research | Loaded intel: 88 trap records 18239 | -2/Research | Lost 4 parts (1p1n2u) 18252 | -2/Research | Loaded intel: 5 recycling unit locations 18269 | -2/Research | Incoming investigation squad redirected 18285 | -2/Research | Incoming investigation squad redirected 18295 | -2/Research | Identified exit to Testing 18413 | -2/Research | Found Gamma Bomb Array 18532 | -2/Research | Entered Testing 18534 | -2/Testing | Loaded intel: 61 non-interactive machine locations 18538 | -2/Testing | Found Prototype Energy Gun 18538 | -2/Testing | Identified Warp Gun 18584 | -2/Testing | Found Prototype Energy Cannon 18584 | -2/Testing | Identified Null Cannon 18601 | -2/Testing | Protovariant out of control (PP-7BPEKM3N04) 18601 | -2/Testing | Unleashed a protovariant (PP-7BPEKM3N04) 18630 | -2/Testing | Discovered new exit (range 18) 18687 | -2/Testing | Incoming investigation squad redirected 18702 | -2/Testing | Build established: Wizard-Ninja 18703 | -2/Testing | Found Lgt. Regenerative Plating 18733 | -2/Testing | Found Prototype Device 18733 | -2/Testing | Identified Exp. Hardlight Generator 18768 | -2/Testing | Spotted PP-7BPEKM3N04 18835 | -2/Testing | Fabricated P-70 Sage? 18869 | -2/Testing | Rewired PY-KQFT5G1YMW 18915 | -2/Testing | Spotted Fortress 18917 | -2/Testing | Fabricated P-70 Sage? 18934 | -2/Testing | Discovered new exit (range 5) 18934 | -2/Testing | Discovered new exit (range 6) 18938 | -2/Testing | Identified exit to Section 7 18939 | -2/Testing | Identified exit to Protoforge 19142 | -2/Testing | Entered Protoforge 19151 | -2/Protoforge | Spotted Hotshot 19152 | -2/Protoforge | Spotted Hotshot 19178 | -2/Protoforge | Superfortress began startup sequence 19203 | -2/Protoforge | Identified exit to Access 19268 | -2/Protoforge | Spotted Hotshot 19298 | -2/Protoforge | Spotted AP7-3 19300 | -2/Protoforge | Spotted AP7-3 19303 | -2/Protoforge | Spotted EXE-6 19304 | -2/Protoforge | Spotted EXE-6 19304 | -2/Protoforge | Spotted Decapitator 19305 | -2/Protoforge | Spotted Decapitator 19331 | -2/Protoforge | UFD initiated attack on Protoforge 19331 | -2/Protoforge | Loaded intel: 3 recycling unit locations 19341 | -2/Protoforge | Spotted EXE-6 19341 | -2/Protoforge | Spotted EXE-6 19351 | -2/Protoforge | Found Prototype Slashing Weapon 19351 | -2/Protoforge | Identified Exp. Terror Saw 19354 | -2/Protoforge | Scrapoids reinforcements arrived? 19356 | -2/Protoforge | Scraphulk reinforcements arrived? 19367 | -2/Protoforge | Optimus greeted in Protoforge 19372 | -2/Protoforge | Lost 12 parts (1p5n4u2w) 19376 | -2/Protoforge | Allies destroyed AP7-3 19381 | -2/Protoforge | Found Prototype Processor 19381 | -2/Protoforge | Identified Exp. Core Analyzer 19389 | -2/Protoforge | Found Prototype Ballistic Gun 19389 | -2/Protoforge | Identified Cep. XC Strikerail 19392 | -2/Protoforge | Found Exp. Core Analyzer 19402 | -2/Protoforge | Found Prototype Device 19402 | -2/Protoforge | Identified Exp. Kinecellerator 19405 | -2/Protoforge | Found Cep. XC Strikerail 19406 | -2/Protoforge | Lost 7 allies 19492 | -2/Protoforge | Core integrity fell below 50% 19517 | -2/Protoforge | Lost 8 parts (1p3n2u2w) 19538 | -2/Protoforge | Lost 4 allies 19555 | -2/Protoforge | Spotted Striker 19561 | -2/Protoforge | Allies destroyed Striker 19587 | -2/Protoforge | Installed UFD Drillbomb at designated target 19587 | -2/Protoforge | UFD reported confirmed Drillbomb installation 19629 | -2/Protoforge | Spotted Striker 19639 | -2/Protoforge | P-80 Master assimilated allied 02F02-K 19642 | -2/Protoforge | Spotted 02F02-K 19662 | -2/Protoforge | Destroyed 10 combat bots 19678 | -2/Protoforge | Lost 15 allies 19729 | -2/Protoforge | Found Prototype Storage 19729 | -2/Protoforge | Identified Cep. NT7 Matterbank 19739 | -2/Protoforge | Found Prototype Device 19739 | -2/Protoforge | Identified Cep. Weapon Articulator 19753 | -2/Protoforge | Spotted Striker 19756 | -2/Protoforge | Spotted Striker 19762 | -2/Protoforge | Destroyed Striker 19780 | -2/Protoforge | Rewired Striker 19793 | -2/Protoforge | Spotted Executioner 19802 | -2/Protoforge | Destroyed Executioner 19806 | -2/Protoforge | Lost 3 parts (1p2n) 19824 | -2/Protoforge | Spotted Striker 19826 | -2/Protoforge | Spotted Striker 19838 | -2/Protoforge | Destroyed Striker 19840 | -2/Protoforge | Destroyed Striker 19854 | -2/Protoforge | Core integrity fell below 20% 19865 | -2/Protoforge | Destroyed 7 combat bots 19877 | -2/Protoforge | Lost 12 parts (8n3u1w) 19878 | -2/Protoforge | P-80 Master assimilated allied Lugger 032 19890 | -2/Protoforge | Spotted Hotshot 19892 | -2/Protoforge | Spotted Executioner 19893 | -2/Protoforge | Spotted Striker 19893 | -2/Protoforge | Spotted Executioner 19895 | -2/Protoforge | Spotted Hotshot 19897 | -2/Protoforge | Spotted Executioner 19897 | -2/Protoforge | Spotted Striker 19898 | -2/Protoforge | Destroyed Striker 19909 | -2/Protoforge | Spotted Executioner 19909 | -2/Protoforge | Destroyed by Hotshot with Precision Phase Gun Last Messages --------------- that zips off towards W-44 Eye. 19892_ Destroyed Antigrav System. 19893_ Slug penetrates Wall. 19893_ Terminal disabled. 19893_ Protoware Simulator disabled. 19898_ Slug penetrates Wall. 19898_ Deflected attack with Quantum Companion. Quantum Companion releases a shadow of itself that zips off towards Striker. 19898_ Striker destroyed. Quantum Companion releases a shadow of itself that zips off towards W-44 Eye. 19899_ Destroyed Lgt. Antimatter Reactor. 19900_ Slug penetrates Wall. The surroundings shift and blur. 19907_ Impulse Thruster Array destroyed. Quantum Companion releases a shadow of itself that zips off towards P-80 Master. 19908_ P-80 Master destroyed. 19909_ Penetrated by Slug. Map ----- +----------------------------------------------------+ | #?? # " # # """ """ ##???????????## #" | | #?? # " # # ##?############ #" | | #?? # # # """ """ ##?############ #" | | #?? ###"" ""#### # """S""??##?## ## #" | | #?? ###""T""#### # ##### """ ## # | | ????? # """ #### ###+########### """ ## ## | | ????? ########## # """ ## | | ????? ########## # """ ## | | ??????##??????## """" + """ ## | | ??????##??????## E] """" # """ ####### | | ??????##??????########Cg! """" # """ ####### | | ??????##??????#########C """ # ###### | | ?????#####???????????##g ###+########### | | ?????#####???????????## + | | ????????##???????????## # | | ????????##???????????##EE h+ | | ????????##???????????## # | | ?????#####???????????##; "" ### ####+#### | | ?????#####???????????### """### # | | ?????##???????????????## T"### # | | ?????##???????????????## p """### + """" | | ?????################### % " ### # """" | | ????############"""#### * ### # """" | | C E [[! % ### # """" | | ###""###########K !%###+##### # | | ????##+################ @!|# # ######### | | ?????#????????##??????## p; """ # ######### | | ?????#????????##??????## # + ^ | | ?????#????????##??????#; ; """ # ^ | | ??????????????##??????## # # ^^ | | ?????#????????##??????## ; """ # ^^ | | ?????#????????##??????## ; # ######### | | ?????#????????##??????## ; """ # #### | | ?????#????????##??????## # # #### | | ?????#????????###?????## # """ # #### """ | | ?????############?????## # # #### """ | | ?????#?????????##?????## #####+### #### """ | | ?????#?????????##?????## ##### ### #### | | ?????#?????????##?????## #### """ | | ?????#?????????##?????## #### """ | | ?????#?????????##?????## + """ | | ?????#?????????##?????## ##### #### | | ?????#?????????##?????## ####+#+#####+#### | | ?????/ ######### # ## | | ?? ################### # """"%"""" ### #+# | | ## # # """" """" ##### # | | ## " # # """" """" ##### # | | ## " """" # # """" """" ##?## # | | ## """ + # ##### # | | ## " """ # ##################+########+# | +----------------------------------------------------+ Best States ------------- Heat Dissipation 75 Energy Generation 39 Energy Capacity 500 Matter Stores 342 Matter Capacity 1050 Sight Range 22 Robot Scan Range 18 Terrain Scan Density 10 ECM Strength 1 Cloak Strength 2 Corruption Containment 12 Armor Coverage 225 Core Shielding 20 Propulsion Shielding 66 Evasion (%) 78 Targeting Accuracy 30 Core Analysis 12 Recoil Reduction 4 Kinecelleration 66 Offensive Hacking 34 Defensive Hacking 32 Item Schematics ----------------- ECM Suite | -6/Factory | Scanalyzed Hvy. Laser | -6/Factory | Extracted Stasis Canceller | -6/Factory | Extracted Med. Matter Pod | -6/Factory | Extracted System Shield | -6/Factory | Extracted Antimatter Cannon | -6/Factory | Extracted Matter Filter | -6/Factory | Extracted Imp. Melee Analysis Suite | -6/Factory | Extracted Huge Storage Unit | -6/Factory | Hacked Adv. Sensor Array | -6/Factory | Scanalyzed Imp. Reaction Control System | -6/Factory | Extracted Gravmag Array | -6/Factory | Extracted Cloaking Device | -6/Factory | Hacked Cld. Cesium-ion Thruster | -6/Factory | Scanalyzed Force Booster | -6/Factory | Extracted Powered Hammer | -6/Factory | Extracted Combat Drone Bay | -6/Data Miner | Free Lgt. Regenerative Plating | -6/Data Miner | Free Cld. Gravmag System | -6/Data Miner | Free Exp. Heat Sink | -6/Data Miner | Free Imp. KE Penetrator | -6/Data Miner | Free Adv. Medium Treads | -6/Data Miner | Free Imp. Armor Integrity Analyzer | -6/Data Miner | Free HERF Cannon | -6/Data Miner | Free Imp. Propulsion Shielding | -5/Factory | Scanalyzed Adv. Shield Generator | -5/Factory | Extracted System Restoration Module | -5/Factory | Extracted Nuclear Pulse Array | -5/Factory | Extracted Adv. Targeting Computer | -5/Factory | Extracted Mni. Drone Bay | -5/Factory | Extracted Proton Cannon | -5/Factory | Extracted Imp. Heavy Armor Plating | -5/Factory | Extracted Imp. Plasma Cutter | -5/Factory | Extracted Imp. Particle Charger | -5/Factory | Extracted Cld. Airjet | -5/Factory | Extracted Lightning Gun | -5/Factory | Extracted Imp. Thermal Shield | -5/Factory | Extracted KE Penetrator | -5/Factory | Extracted Imp. System Shield | -5/Factory | Extracted Core Analyzer | -5/Factory | Extracted Matter Compressor | -5/Factory | Extracted Force Field | -5/Factory | Extracted Lgt. Fission Core | -5/Factory | Scanalyzed Hvy. Missile Launcher | -5/Factory | Scanalyzed Imp. Gyrokinetic Inverter | -5/Factory | Hacked Hacking Suite | -5/Factory | Extracted Imp. Deuterium Engine | -5/Factory | Extracted Med. Treads | -5/Factory | Extracted Assault Drone Bay | -5/Zhirov | Free Exp. Optical Array | -5/Zhirov | Free Imp. Arc Thrower | -5/Zhirov | Free Field Propulsion Array | -4/Factory | Scanalyzed Exp. System Shield | -4/Factory | Scanalyzed Antimatter Reactor | -4/Factory | Extracted Imp. Shock Absorption System | -4/Factory | Extracted Com. Battery | -4/Factory | Extracted Adv. Micro-nuke Launcher | -2/Testing | Archive Enh. Force Rifle | -2/Testing | Archive Enh. Armored Heavy Treads | -2/Testing | Archive Med. Regenerative Plating | -2/Testing | Hacked Robot Schematics ------------------ Y-45 Defender | -9/Storage | Hacked G-50 Soldier | -6/Factory | Hacked B-48 Gladiator | -6/Factory | Hacked B-60 Warrior | -6/Data Miner | Free L-41 Fighter | -6/Data Miner | Free Y-64 Sentinel | -6/Data Miner | Free L-61 Swordsman | -6/Data Miner | Free A-15 Conveyor | -6/Data Miner | Free M-30 Cleanser | -6/Data Miner | Free P-70 Sage | -5/Factory | Downloaded G-67 Veteran | -3/Research | Hacked A-02 Transporter | -2/Testing | Archive Fabricated ------------ Cld. Cesium-ion Thruster | x1 | -6/Factory L-41 Fighter | x3 | -6/Factory | Preloaded Cld. Cesium-ion Thruster | x1 | -5/Factory P-70 Sage | x2 | -4/Factory P-70 Sage | x2 | -2/Testing P-70 Sage | x2 | -2/Testing Repaired ---------- Lgt. Treads | 65% | -10/Materials Lgt. Treads | 59% | -10/Materials Imp. Treads | 1% | -9/Storage Hrd. Medium Armor Plating | 35% | -9/Storage Hrd. Medium Armor Plating | 23% | -6/Factory Imp. System Restoration Module | 99% | -6/Factory | Broken Imp. VTOL Module | 16% | -6/Factory Rocket Launcher | 12% | -6/Factory Imp. Datajack | 15% | -6/Factory Lgt. Fission Core | 26% | -6/Factory Lgt. Fission Core | 13% | -5/Factory Hvy. Missile Launcher | 74% | -5/Factory Lgt. Fission Core | 99% | -5/Factory | Broken Imp. Sensor Array | 4% | -5/Factory Imp. VTOL Module | 8% | -4/Factory Imp. VTOL Module | 30% | -4/Factory | Broken Nuclear Pulse Array | 1% | -4/Factory Cld. Cesium-ion Thruster | 44% | -4/Factory Alien Tech Used ----------------- Integrated Reactor Core Expander Achievements -------------- Ambidextrous Challenges ------------ None Game ------ Seed AnalysisAlphaAnalyzer Manual? 0 Play Time 05:32:50 Cumulative 288.2 hours Start 2025.10.10 @ 18:18:12 End 2025.10.18 @ 10:47:39 Sessions 27 Manual Loads 0 Difficulty Rogue Special Mode None Game No. 148 Rogue 145 Adventurer 3 Explorer 0 Win Type - Total 8 Types 7/0/1/0/0/0/0/0/0/0 Lore% 76 Gallery% 73 Achievement% 63 Wizard Run 0 Options --------- Layout 1 ASCII 0 Keyboard 1 Movement Vi Keybinds 0 Fullscreen 1 Font 28/SmallcapsGlow Map View 50x43 Zoom Use 0% Tactical HUD 1 Map Filters NONE Filters NONE Steam X RUN: 247c26b3-f61b-4f0e-948c-8b148c27596d